Workbook

Sheet CEB
A1: CEB Distribuição
G2: LEITURA | P2: Energia kWh | S2: Energia Reativa Excedente - EREX | V2: Potência - kW | X2: Demanda Reativa Excendente - DREX | AI2: TENSÃO DE FORNECIMENTO
A3: Mês/Ano Faturado | B3: Identificação | C3: CNPJ | D3: Classificação | E3: LIGAÇÃO | F3: TARIFA | G3: ATUAL | H3: ANTERIOR | I3: Nº DO MEDIDOR | J3: CONSTANTE kW | K3: CONSTANTE kVarh | L3: Perdas (%) | M3: Período | N3: KW Regist. Ponta | O3: kW Regist. Fponta | P3: Ponta | Q3: Fora de Ponta (FP) | R3: Reservado (Res) | S3: Ponta | T3: Fora de Ponta (FP) | U3: Reservado (Res) | V3: Ponta (P) | W3: Fora de Ponta (FP) | X3: Ponta (P) | Y3: Fora de Ponta (FP) | Z3: CONSUMO PONTA UMIDO/SECA | AA3: VALOR | AB3: TOTAL | AC3: CONSUMO F PONTA UMIDO/SECA | AD3: VALOR | AE3: TOTAL | AF3: DEMANDA | AG3: VALOR | AH3: TOTAL | AI3: NOMINAL | AK3: LIM. INF. | AM3: LIM. SUP. | AO3: Total da Fatura - Bruto | AP3: Base de Cálculo impostos federais | AQ3: Total impostos federais | AR3: Total da Fatura - Líquido | AS3: Observações
A4: 38718 | B4: 880.153-3 - Agência Nacional de Transportes Aquaviários - ANTAQ | C4: 04.903.587/0001-08 | D4: P. PUBLICO | E4: VERDE | F4: THS-AS | I4: 53155639 | J4: 0.09 | K4: 0.36 | L4: 0 | M4: SECO | R4: 0 | S4: 0 | T4: 0 | U4: 0 | V4: 0 | W4: =O4 -> 0 | X4: 0 | Y4: 0 | Z4: =P4 -> 0 | AB4: =Z4*AA4 -> 0 | AE4: =AD4*AC4 -> 0 | AI4: 380 | AJ4: 220 | AK4: 353 | AL4: 204 | AM4: 399 | AN4: 231 | AR4: =AO4-AQ4 -> 0
A5: 38749 | B5: 880.153-3 - Agência Nacional de Transportes Aquaviários - ANTAQ | C5: 04.903.587/0001-08 | D5: P. PUBLICO | E5: VERDE | F5: THS-AS | I5: 53155639 | J5: 0.09 | K5: 0.36 | L5: 0 | M5: SECO | R5: 0 | S5: 0 | T5: 0 | U5: 0 | V5: 0 | W5: =O5 -> 0 | X5: 0 | Y5: 0 | Z5: =P5 -> 0 | AB5: =Z5*AA5 -> 0 | AE5: =AD5*AC5 -> 0 | AI5: 380 | AJ5: 220 | AK5: 353 | AL5: 204 | AM5: 399 | AN5: 231 | AR5: =AO5-AQ5 -> 0
A6: 38777 | B6: 880.153-3 - Agência Nacional de Transportes Aquaviários - ANTAQ | C6: 04.903.587/0001-08 | D6: P. PUBLICO | E6: VERDE | F6: THS-AS | I6: 53155639 | J6: 0.09 | K6: 0.36 | L6: 0 | M6: SECO | R6: 0 | S6: 0 | T6: 0 | U6: 0 | V6: 0 | W6: =O6 -> 0 | X6: 0 | Y6: 0 | Z6: =P6 -> 0 | AB6: =Z6*AA6 -> 0 | AE6: =AD6*AC6 -> 0 | AI6: 380 | AJ6: 220 | AK6: 353 | AL6: 204 | AM6: 399 | AN6: 231 | AR6: =AO6-AQ6 -> 0
A7: 38808 | B7: 880.153-3 - Agência Nacional de Transportes Aquaviários - ANTAQ | C7: 04.903.587/0001-08 | D7: P. PUBLICO | E7: VERDE | F7: THS-AS | I7: 53155639 | J7: 0.09 | K7: 0.36 | L7: 0 | M7: SECO | R7: 0 | S7: 0 | T7: 0 | U7: 0 | V7: 0 | W7: =O7 -> 0 | X7: 0 | Y7: 0 | Z7: =P7 -> 0 | AB7: =Z7*AA7 -> 0 | AE7: =AD7*AC7 -> 0 | AI7: 380 | AJ7: 220 | AK7: 353 | AL7: 204 | AM7: 399 | AN7: 231 | AR7: =AO7-AQ7 -> 0
A8: 38838 | B8: 880.153-3 - Agência Nacional de Transportes Aquaviários - ANTAQ | C8: 04.903.587/0001-08 | D8: P. PUBLICO | E8: VERDE | F8: THS-AS | I8: 53155639 | J8: 0.09 | K8: 0.36 | L8: 0 | M8: SECO | R8: 0 | S8: 0 | T8: 0 | U8: 0 | V8: 0 | W8: =O8 -> 0 | X8: 0 | Y8: 0 | Z8: =P8 -> 0 | AB8: =Z8*AA8 -> 0 | AE8: =AD8*AC8 -> 0 | AI8: 380 | AJ8: 220 | AK8: 353 | AL8: 204 | AM8: 399 | AN8: 231 | AR8: =AO8-AQ8 -> 0
A9: 38869 | B9: 880.153-3 - Agência Nacional de Transportes Aquaviários - ANTAQ | C9: 04.903.587/0001-08 | D9: P. PUBLICO | E9: VERDE | F9: THS-AS | I9: 53155639 | J9: 0.09 | K9: 0.36 | L9: 0 | M9: SECO | R9: 0 | S9: 0 | T9: 0 | U9: 0 | V9: 0 | W9: =O9 -> 0 | X9: 0 | Y9: 0 | Z9: =P9 -> 0 | AB9: =Z9*AA9 -> 0 | AE9: =AD9*AC9 -> 0 | AI9: 380 | AJ9: 220 | AK9: 353 | AL9: 204 | AM9: 399 | AN9: 231 | AR9: =AO9-AQ9 -> 0
A10: 38899 | B10: 880.153-3 - Agência Nacional de Transportes Aquaviários - ANTAQ | C10: 04.903.587/0001-08 | D10: P. PUBLICO | E10: VERDE | F10: THS-AS | I10: 53155639 | J10: 0.09 | K10: 0.36 | L10: 0 | M10: SECO | R10: 0 | S10: 0 | T10: 0 | U10: 0 | V10: 0 | W10: =O10 -> 0 | X10: 0 | Y10: 0 | Z10: =P10 -> 0 | AB10: =Z10*AA10 -> 0 | AE10: =AD10*AC10 -> 0 | AI10: 380 | AJ10: 220 | AK10: 353 | AL10: 204 | AM10: 399 | AN10: 231 | AR10: =AO10-AQ10 -> 0
A11: 38930 | B11: 880.153-3 - Agência Nacional de Transportes Aquaviários - ANTAQ | C11: 04.903.587/0001-08 | D11: P. PUBLICO | E11: VERDE | F11: THS-AS | I11: 53155639 | J11: 0.09 | K11: 0.36 | L11: 0 | M11: SECO | R11: 0 | S11: 0 | T11: 0 | U11: 0 | V11: 0 | W11: =O11 -> 0 | X11: 0 | Y11: 0 | Z11: =P11 -> 0 | AB11: =Z11*AA11 -> 0 | AE11: =AD11*AC11 -> 0 | AI11: 380 | AJ11: 220 | AK11: 353 | AL11: 204 | AM11: 399 | AN11: 231 | AR11: =AO11-AQ11 -> 0
A12: 38961 | B12: 880.153-3 - Agência Nacional de Transportes Aquaviários - ANTAQ | C12: 04.903.587/0001-08 | D12: P. PUBLICO | E12: VERDE | F12: THS-AS | I12: 53155639 | J12: 0.09 | K12: 0.36 | L12: 0 | M12: SECO | R12: 0 | S12: 0 | T12: 0 | U12: 0 | V12: 0 | W12: =O12 -> 0 | X12: 0 | Y12: 0 | Z12: =P12 -> 0 | AB12: =Z12*AA12 -> 0 | AE12: =AD12*AC12 -> 0 | AI12: 380 | AJ12: 220 | AK12: 353 | AL12: 204 | AM12: 399 | AN12: 231 | AR12: =AO12-AQ12 -> 0
A13: 38991 | B13: 880.153-3 - Agência Nacional de Transportes Aquaviários - ANTAQ | C13: 04.903.587/0001-08 | D13: P. PUBLICO | E13: VERDE | F13: THS-AS | I13: 53155639 | J13: 0.09 | K13: 0.36 | L13: 0 | M13: SECO | R13: 0 | S13: 0 | T13: 0 | U13: 0 | V13: 0 | W13: =O13 -> 0 | X13: 0 | Y13: 0 | Z13: =P13 -> 0 | AB13: =Z13*AA13 -> 0 | AE13: =AD13*AC13 -> 0 | AI13: 380 | AJ13: 220 | AK13: 353 | AL13: 204 | AM13: 399 | AN13: 231 | AR13: =AO13-AQ13 -> 0
A14: 39022 | B14: 880.153-3 - Agência Nacional de Transportes Aquaviários - ANTAQ | C14: 04.903.587/0001-08 | D14: P. PUBLICO | E14: VERDE | F14: THS-AS | I14: 53155639 | J14: 0.09 | K14: 0.36 | L14: 0 | M14: SECO | R14: 0 | S14: 0 | T14: 0 | U14: 0 | V14: 0 | W14: =O14 -> 0 | X14: 0 | Y14: 0 | Z14: =P14 -> 0 | AB14: =Z14*AA14 -> 0 | AE14: =AD14*AC14 -> 0 | AI14: 380 | AJ14: 220 | AK14: 353 | AL14: 204 | AM14: 399 | AN14: 231 | AR14: =AO14-AQ14 -> 0
A15: 39052 | B15: 880.153-3 - Agência Nacional de Transportes Aquaviários - ANTAQ | C15: 04.903.587/0001-08 | D15: P. PUBLICO | E15: VERDE | F15: THS-AS | I15: 53155639 | J15: 0.09 | K15: 0.36 | L15: 0 | M15: SECO | R15: 0 | S15: 0 | T15: 0 | U15: 0 | V15: 0 | W15: =O15 -> 0 | X15: 0 | Y15: 0 | Z15: =P15 -> 0 | AB15: =Z15*AA15 -> 0 | AE15: =AD15*AC15 -> 0 | AI15: 380 | AJ15: 220 | AK15: 353 | AL15: 204 | AM15: 399 | AN15: 231 | AR15: =AO15-AQ15 -> 0
... A75: 40878 | B75: 880.153-3 - Agência Nacional de Transportes Aquaviários - ANTAQ | C75: 04.903.587/0001-08 | D75: P. PUBLICO | E75: VERDE | F75: THS-AS | I75: 53155639 | J75: 0.09 | K75: 0.36 | L75: 0 | M75: SECO | R75: 0 | S75: 0 | T75: 0 | U75: 0 | V75: 0 | W75: =O75 -> 0 | X75: 0 | Y75: 0 | Z75: =P75 -> 0 | AB75: =Z75*AA75 -> 0 | AE75: =AD75*AC75 -> 0 | AI75: 380 | AJ75: 220 | AK75: 353 | AL75: 204 | AM75: 399 | AN75: 231 | AR75: =AO75-AQ75 -> 0
A76: 40909 | B76: 880.153-3 - Agência Nacional de Transportes Aquaviários - ANTAQ | C76: 04.903.587/0001-08 | D76: P. PUBLICO | E76: VERDE | F76: THS-AS | G76: 40912 | H76: 40881 | I76: 53155639 | J76: 0.09 | K76: 0.36 | L76: 0 | M76: UMIDO | O76: 260 | P76: 3979 | Q76: 51928 | R76: 0 | S76: 0 | T76: 0 | U76: 0 | V76: 0 | W76: =O76 -> 260 | X76: 0 | Y76: 0 | Z76: =P76 -> 3979 | AA76: 1.2406681 | AB76: =Z76*AA76 -> 4936.6184 | AC76: 51928 | AD76: 0.2148363 | AE76: =AD76*AC76 -> 11156.019 | AF76: 260 | AG76: 14.251034 | AH76: 3705.26 | AI76: 380 | AJ76: 220 | AK76: 353 | AL76: 204 | AM76: 399 | AN76: 231 | AO76: 20229.65 | AP76: 19797.88 | AQ76: 1158.15 | AR76: =AO76-AQ76 -> 19071.5
A77: 40940 | B77: 880.153-3 - Agência Nacional de Transportes Aquaviários - ANTAQ | C77: 04.903.587/0001-08 | D77: P. PUBLICO | E77: VERDE | F77: THS-AS | G77: 40943 | H77: 40912 | I77: 53155639 | J77: 0.09 | K77: 0.36 | L77: 0 | M77: UMIDO | O77: 251 | P77: 4306 | Q77: 51894 | R77: 0 | S77: 0 | T77: 0 | U77: 0 | V77: 0 | W77: =O77 -> 251 | X77: 0 | Y77: 0 | Z77: =P77 -> 4306 | AA77: 1.2380163 | AB77: =Z77*AA77 -> 5330.8982 | AC77: 51984 | AD77: 0.2143771 | AE77: =AD77*AC77 -> 11144.179 | AF77: 251 | AG77: 14.220575 | AH77: 3569.36 | AI77: 380 | AJ77: 220 | AK77: 353 | AL77: 204 | AM77: 399 | AN77: 231 | AO77: 20511.41 | AP77: 20025.13 | AQ77: 1171.46 | AR77: =AO77-AQ77 -> 19339.95
A78: 40969 | B78: 880.153-3 - Agência Nacional de Transportes Aquaviários - ANTAQ | C78: 04.903.587/0001-08 | D78: P. PUBLICO | E78: VERDE | F78: THS-AS | G78: 40972 | H78: 40943 | I78: 53155639 | J78: 0.09 | K78: 0.36 | L78: 0 | M78: UMIDO | O78: 283 | P78: 4251 | Q78: 48870 | R78: 0 | S78: 0 | T78: 0 | U78: 0 | V78: 0 | W78: =O78 -> 283 | X78: 0 | Y78: 0 | Z78: =P78 -> 4251 | AA78: 1.233797 | AB78: =Z78*AA78 -> 5244.871 | AC78: 48870 | AD78: 0.2136466 | AE78: =AD78*AC78 -> 10440.909 | AF78: 283 | AG78: 14.172109 | AH78: 4010.7 | AI78: 380 | AJ78: 220 | AK78: 353 | AL78: 204 | AM78: 399 | AN78: 231 | AO78: 21089.76 | AP78: 20603.48 | AQ78: 1205.29 | AR78: =AO78-AQ78 -> 19884.47
A79: 41000 | B79: 880.153-3 - Agência Nacional de Transportes Aquaviários - ANTAQ | C79: 04.903.587/0001-08 | D79: P. PUBLICO | E79: VERDE | F79: THS-AS | G79: 41003 | H79: 40972 | I79: 53155639 | J79: 0.09 | K79: 0.36 | L79: 0 | M79: UMIDO | O79: 289 | P79: 6176 | Q79: 53894 | R79: 0 | S79: 0 | T79: 0 | U79: 0 | V79: 0 | W79: =O79 -> 289 | X79: 0 | Y79: 0 | Z79: =P79 -> 6176 | AA79: 1.2353759 | AB79: =Z79*AA79 -> 7629.6816 | AC79: 53894 | AD79: 0.2139199 | AE79: =AD79*AC79 -> 11528.999 | AF79: 289 | AG79: 14.190245 | AH79: 4100.98 | AI79: 380 | AJ79: 220 | AK79: 353 | AL79: 204 | AM79: 399 | AN79: 231 | AO79: 24824.38 | AP79: 24338.1 | AQ79: 1423.76 | AR79: =AO79-AQ79 -> 23400.62
A80: 41030 | B80: 880.153-3 - Agência Nacional de Transportes Aquaviários - ANTAQ | C80: 04.903.587/0001-08 | D80: P. PUBLICO | E80: VERDE | F80: THS-AS | G80: 41033 | H80: 41003 | I80: 53155639 | J80: 0.09 | K80: 0.36 | L80: 0 | M80: UMIDO | O80: 258 | P80: 5367 | Q80: 49653 | R80: 0 | S80: 0 | T80: 0 | U80: 0 | V80: 0 | W80: =O80 -> 258 | X80: 0 | Y80: 0 | Z80: =P80 -> 5367 | AA80: 1.2684605 | AB80: =Z80*AA80 -> 6807.8275 | AC80: 49653 | AD80: 0.2337545 | AE80: =AD80*AC80 -> 11606.612 | AF80: 258 | AG80: 14.172109 | AH80: 3656.4 | AI80: 380 | AJ80: 220 | AK80: 353 | AL80: 204 | AM80: 399 | AN80: 231 | AO80: 22557.11 | AP80: 22070.83 | AQ80: 1291.12 | AR80: =AO80-AQ80 -> 21265.99
A81: 41061 | B81: 880.153-3 - Agência Nacional de Transportes Aquaviários - ANTAQ | C81: 04.903.587/0001-08 | D81: P. PUBLICO | E81: VERDE | F81: THS-AS | G81: 41064 | H81: 41033 | I81: 53155639 | J81: 0.09 | K81: 0.36 | L81: 0 | M81: UMIDO | O81: 199 | P81: 4014 | Q81: 40678 | R81: 0 | S81: 0 | T81: 0 | U81: 0 | V81: 0 | W81: =O81 -> 199 | X81: 0 | Y81: 0 | Z81: =P81 -> 4014 | AA81: 1.2821155 | AB81: =Z81*AA81 -> 5146.4116 | AC81: 40678 | AD81: 0.2362709 | AE81: =AD81*AC81 -> 9611.0277 | AF81: 251 | AG81: 14.324673 | AH81: 3595.49 | AI81: 380 | AJ81: 220 | AK81: 353 | AL81: 204 | AM81: 399 | AN81: 231 | AO81: 18839.2 | AP81: 18352.92 | AQ81: 1073.62 | AR81: =AO81-AQ81 -> 17765.58
A82: 41091 | B82: 880.153-3 - Agência Nacional de Transportes Aquaviários - ANTAQ | C82: 04.903.587/0001-08 | D82: P. PUBLICO | E82: VERDE | F82: THS-AS | G82: 41094 | H82: 41064 | I82: 53155639 | J82: 0.09 | K82: 0.36 | L82: 0 | M82: UMIDO | O82: 201 | P82: 4244 | Q82: 41932 | R82: 0 | S82: 0 | T82: 0 | U82: 0 | V82: 0 | W82: =O82 -> 201 | X82: 0 | Y82: 0 | Z82: =P82 -> 4244 | AA82: 1.2648681 | AB82: =Z82*AA82 -> 5368.1002 | AC82: 41932 | AD82: 0.2330925 | AE82: =AD82*AC82 -> 9774.0347 | AF82: 251 | AG82: 14.131972 | AH82: 3547.12 | AI82: 380 | AJ82: 220 | AK82: 353 | AL82: 204 | AM82: 399 | AN82: 231 | AO82: 19175.53 | AP82: 18689.25 | AQ82: 1093.31 | AR82: =AO82-AQ82 -> 18082.22
A83: 41122 | B83: 880.153-3 - Agência Nacional de Transportes Aquaviários - ANTAQ | C83: 04.903.587/0001-08 | D83: P. PUBLICO | E83: VERDE | F83: THS-AS | G83: 41125 | H83: 41094 | I83: 53155639 | J83: 0.09 | K83: 0.36 | L83: 0 | M83: UMIDO | O83: 159 | P83: 4181 | Q83: 40030 | R83: 0 | S83: 0 | T83: 0 | U83: 0 | V83: 0 | W83: =O83 -> 159 | X83: 0 | Y83: 0 | Z83: =P83 -> 4181 | AA83: 1.2672009 | AB83: =Z83*AA83 -> 5298.167 | AC83: 40030 | AD83: 0.2335223 | AE83: =AD83*AC83 -> 9347.8977 | AF83: 251 | AG83: 14.158036 | AH83: 3553.66 | AI83: 380 | AJ83: 220 | AK83: 353 | AL83: 204 | AM83: 399 | AN83: 231 | AO83: 18685.99 | AP83: 18199.71 | AQ83: 1064.66 | AR83: =AO83-AQ83 -> 17621.33
A84: 41153 | B84: 880.153-3 - Agência Nacional de Transportes Aquaviários - ANTAQ | C84: 04.903.587/0001-08 | D84: P. PUBLICO | E84: VERDE | F84: THS-AS | G84: 41156 | H84: 41125 | I84: 53155639 | J84: 0.09 | K84: 0.36 | L84: 0 | M84: UMIDO | O84: 233 | P84: 4304 | Q84: 40531 | R84: 0 | S84: 0 | T84: 0 | U84: 0 | V84: 0 | W84: =O84 -> 233 | X84: 0 | Y84: 0 | Z84: =P84 -> 4304 | AA84: 1.2768547 | AB84: =Z84*AA84 -> 5495.5826 | AC84: 40531 | AD84: 0.2468834 | AE84: =AD84*AC84 -> 10006.431 | AF84: 251 | AG84: 13.963237 | AH84: 3504.77 | AI84: 380 | AJ84: 220 | AK84: 353 | AL84: 204 | AM84: 399 | AN84: 231 | AO84: 19493.06 | AP84: 19006.78 | AQ84: 1111.88 | AR84: =AO84-AQ84 -> 18381.18
A85: 41183 | B85: 880.153-3 - Agência Nacional de Transportes Aquaviários - ANTAQ | C85: 04.903.587/0001-08 | D85: P. PUBLICO | E85: VERDE | F85: THS-AS | G85: 41186 | H85: 41156 | I85: 53155639 | J85: 0.09 | K85: 0.36 | L85: 0 | M85: UMIDO | O85: 278 | P85: 5466 | Q85: 55711 | R85: 0 | S85: 0 | T85: 0 | U85: 0 | V85: 0 | W85: =O85 -> 278 | X85: 0 | Y85: 0 | Z85: =P85 -> 5466 | AA85: 1.2954641 | AB85: =Z85*AA85 -> 7081.0068 | AC85: 55711 | AD85: 0.2745994 | AE85: =AD85*AC85 -> 15298.207 | AF85: 278 | AG85: 13.536498 | AH85: 3763.14 | AI85: 380 | AJ85: 220 | AK85: 353 | AL85: 204 | AM85: 399 | AN85: 231 | AO85: 27359.59 | AP85: 26873.31 | AQ85: 1572.06 | AR85: =AO85-AQ85 -> 25787.53
A86: 41214 | B86: 880.153-3 - Agência Nacional de Transportes Aquaviários - ANTAQ | C86: 04.903.587/0001-08 | D86: P. PUBLICO | E86: VERDE | F86: THS-AS | G86: 41217 | H86: 41186 | I86: 53155639 | J86: 0.09 | K86: 0.36 | L86: 0 | M86: UMIDO | O86: 300 | P86: 4497 | Q86: 55447 | R86: 0 | S86: 0 | T86: 0 | U86: 0 | V86: 0 | W86: =O86 -> 300 | X86: 0 | Y86: 0 | Z86: =P86 -> 4497 | AA86: 1.3032223 | AB86: =Z86*AA86 -> 5860.5907 | AC86: 55447 | AD86: 0.2762439 | AE86: =AD86*AC86 -> 15316.896 | AF86: 300 | AG86: 13.617566 | AH86: 4085.26 | AI86: 380 | AJ86: 220 | AK86: 353 | AL86: 204 | AM86: 399 | AN86: 231 | AO86: 27083.54 | AP86: 26597.26 | AQ86: 1555.92 | AR86: =AO86-AQ86 -> 25527.62
A87: 41244 | B87: 880.153-3 - Agência Nacional de Transportes Aquaviários - ANTAQ | C87: 04.903.587/0001-08 | D87: P. PUBLICO | E87: VERDE | F87: THS-AS | G87: 41247 | H87: 41217 | I87: 53155639 | J87: 0.09 | K87: 0.36 | L87: 0 | M87: UMIDO | O87: 238 | P87: 3440 | Q87: 47239 | R87: 0 | S87: 0 | T87: 0 | U87: 0 | V87: 0 | W87: =O87 -> 238 | X87: 0 | Y87: 0 | Z87: =P87 -> 3440 | AA87: 1.296199 | AB87: =Z87*AA87 -> 4458.9246 | AC87: 47239 | AD87: 0.2747553 | AE87: =AD87*AC87 -> 12979.166 | AF87: 251 | AG87: 13.544418 | AH87: 3399.58 | AI87: 380 | AJ87: 220 | AK87: 353 | AL87: 204 | AM87: 399 | AN87: 231 | AO87: 21323.94 | AP87: 20837.66 | AQ87: 1218.98 | AR87: =AO87-AQ87 -> 20104.96
A88: Jan/13 | B88: 880.153-3 - Agência Nacional de Transportes Aquaviários - ANTAQ | C88: 04.903.587/0001-08 | D88: P. PUBLICO | E88: VERDE | F88: THS-AS | G88: 41278 | H88: 41247 | I88: 53155639 | J88: 0.09 | K88: 0.36 | L88: 0 | M88: UMIDO | O88: 299 | P88: 4070 | Q88: 53921 | R88: 0 | S88: 0 | T88: 0 | U88: 0 | V88: 0 | W88: =O88 -> 299 | X88: 0 | Y88: 0 | Z88: =P88 -> 4070 | AA88: 1.2960151 | AB88: =Z88*AA88 -> 5274.7815 | AC88: 53921 | AD88: 0.2747162 | AE88: =AD88*AC88 -> 14812.972 | AF88: 299 | AG88: 13.542256 | AH88: 4049.13 | AI88: 380 | AJ88: 220 | AK88: 353 | AL88: 204 | AM88: 399 | AN88: 231 | AO88: 25923.21 | AP88: 25436.93 | AQ88: 1488.04 | AR88: =AO88-AQ88 -> 24435.17
A89: 41306 | B89: 880.153-3 - Agência Nacional de Transportes Aquaviários - ANTAQ | C89: 04.903.587/0001-08 | D89: P. PUBLICO | E89: VERDE | F89: THS-AS | G89: 41309 | H89: 41278 | I89: 53155639 | J89: 0.09 | K89: 0.36 | L89: 0 | M89: UMIDO | O89: 265 | P89: 3450 | Q89: 47378 | R89: 0 | S89: 0 | T89: 0 | U89: 0 | V89: 0 | W89: =O89 -> 265 | X89: 0 | Y89: 0 | Z89: =P89 -> 3450 | AA89: 1.2104553 | AB89: =Z89*AA89 -> 4176.0708 | AC89: =Q89 -> 47378 | AD89: 0.2523739 | AE89: =AD89*AC89 -> 11956.971 | AF89: 265 | AG89: 12.674338 | AH89: =AG89*AF89 -> 3358.6995 | AI89: 380 | AJ89: 220 | AK89: 353 | AL89: 204 | AM89: 399 | AN89: 231 | AO89: 20371.79 | AP89: 19846.61 | AQ89: 1161 | AR89: =AO89-AQ89 -> 19210.79
A90: 41334 | B90: 880.153-3 - Agência Nacional de Transportes Aquaviários - ANTAQ | C90: 04.903.587/0001-08 | D90: P. PUBLICO | E90: VERDE | F90: THS-AS | G90: 41337 | H90: 41309 | I90: 53155639 | J90: 0.09 | K90: 0.36 | L90: 0 | M90: UMIDO | O90: 327 | P90: 4655 | Q90: 52121 | R90: 0 | S90: 0 | T90: 0 | U90: 0 | V90: 0 | W90: =O90 -> 327 | X90: 0 | Y90: 0 | Z90: =P90 -> 4655 | AA90: 1.0878443 | AB90: 5063.91 | AC90: 52121 | AD90: 0.219703 | AE90: =AD90*AC90 -> 11451.14 | AF90: 327 | AG90: 11.434628 | AH90: 3739.12 | AI90: 380 | AJ90: 220 | AK90: 353 | AL90: 204 | AM90: 399 | AN90: 231 | AO90: 22517.41 | AP90: 21992.23 | AQ90: 1286.52 | AR90: =AO90-AQ90 -> 21230.89
A91: 41365 | B91: 880.153-3 - Agência Nacional de Transportes Aquaviários - ANTAQ | C91: 04.903.587/0001-08 | D91: P. PUBLICO | E91: VERDE | F91: THS-AS | G91: 41368 | H91: 41337 | I91: 53155639 | J91: 0.09 | K91: 0.36 | L91: 0 | M91: UMIDO | O91: 302 | P91: 6954 | Q91: 65755 | R91: 0 | S91: 0 | T91: 0 | U91: 0 | V91: 0 | W91: =O91 -> 302 | X91: 0 | Y91: 0 | Z91: =P91 -> 6954 | AA91: 1.0610007 | AB91: =Z91*AA91 -> 7378.1989 | AC91: 65755 | AD91: 0.2142817 | AE91: =AD91*AC91 -> 14090.093 | AF91: 302 | AG91: 11.152467 | AH91: 3368.04 | AI91: 380 | AJ91: 220 | AK91: 353 | AL91: 204 | AM91: 399 | AN91: 231 | AO91: 26499.05 | AP91: 25973.87 | AQ91: 1519.45 | AR91: =AO91-AQ91 -> 24979.6
A92: 41395 | B92: 880.153-3 - Agência Nacional de Transportes Aquaviários - ANTAQ | C92: 04.903.587/0001-08 | D92: P. PUBLICO | E92: VERDE | F92: THS-AS | G92: 41398 | H92: 41368 | I92: 53155639 | J92: 0.09 | K92: 0.36 | L92: 0 | M92: SECO | O92: 234 | P92: 5789 | Q92: 52940 | R92: 0 | S92: 0 | T92: 0 | U92: 0 | V92: 0 | W92: =O92 -> 234 | X92: 0 | Y92: 0 | Z92: =P92 -> 5789 | AA92: 1.0698497 | AB92: 6193.35 | AC92: 52940 | AD92: 0.2160689 | AE92: =AD92*AC92 -> 11438.688 | AF92: 251 | AG92: 11.245481 | AH92: 2822.61 | AI92: 380 | AJ92: 220 | AK92: 353 | AL92: 204 | AM92: 399 | AN92: 231 | AO92: 20979.82 | AP92: 20454.64 | AQ92: 1196.57 | AR92: =AO92-AQ92 -> 19783.25
A93: 41426 | B93: 880.153-3 - Agência Nacional de Transportes Aquaviários - ANTAQ | C93: 04.903.587/0001-08 | D93: P. PUBLICO | E93: VERDE | F93: THS-AS | G93: 41429 | H93: 41398 | I93: 53155639 | J93: 0.09 | K93: 0.36 | L93: 0 | M93: SECO | O93: 207 | P93: 5565 | Q93: 51874 | R93: 0 | S93: 0 | T93: 0 | U93: 0 | V93: 0 | W93: =O93 -> 207 | X93: 0 | Y93: 0 | Z93: =P93 -> 5565 | AA93: 1.0621721 | AB93: =Z93*AA93 -> 5910.9877 | AC93: 51874 | AD93: 0.2145182 | AE93: =AD93*AC93 -> 11127.917 | AF93: 251 | AG93: 11.16478 | AH93: 2802.35 | AI93: 380 | AJ93: 220 | AK93: 353 | AL93: 204 | AM93: 399 | AN93: 231 | AO93: 20366.42 | AP93: 19841.24 | AQ93: 1160.69 | AR93: =AO93-AQ93 -> 19205.73
A94: 41456 | B94: 880.153-3 - Agência Nacional de Transportes Aquaviários - ANTAQ | C94: 04.903.587/0001-08 | D94: P. PUBLICO | E94: VERDE | F94: THS-AS | G94: 41459 | H94: 41429 | I94: 53155639 | J94: 0.09 | K94: 0.36 | L94: 0 | M94: SECO | O94: 186 | P94: 5706 | Q94: 49197 | R94: 0 | S94: 0 | T94: 0 | U94: 0 | V94: 0 | W94: =O94 -> 186 | X94: 0 | Y94: 0 | Z94: =P94 -> 5706 | AA94: 1.072085 | AB94: =Z94*AA94 -> 6117.317 | AC94: 49197 | AD94: 0.2165202 | AE94: =AD94*AC94 -> 10652.144 | AF94: 251 | AG94: 11.268978 | AH94: 2828.51 | AI94: 380 | AJ94: 220 | AK94: 353 | AL94: 204 | AM94: 399 | AN94: 231 | AO94: 20123.14 | AP94: 19597.96 | AQ94: 1146.45 | AR94: =AO94-AQ94 -> 18976.69
A95: 41487 | B95: 880.153-3 - Agência Nacional de Transportes Aquaviários - ANTAQ | C95: 04.903.587/0001-08 | D95: P. PUBLICO | E95: VERDE | F95: THS-AS | G95: 41490 | H95: 41459 | I95: 53155639 | J95: 0.09 | K95: 0.36 | L95: 0 | M95: SECO | O95: 199 | P95: 5618 | Q95: 48186 | R95: 0 | S95: 0 | T95: 0 | U95: 0 | V95: 0 | W95: =O95 -> 199 | X95: 0 | Y95: 0 | Z95: =P95 -> 5618 | AA95: 1.0572113 | AB95: =Z95*AA95 -> 5939.4131 | AC95: 48186 | AD95: 0.2135163 | AE95: =AD95*AC95 -> 10288.496 | AF95: 251 | AG95: 11.112636 | AH95: 2789.27 | AI95: 380 | AJ95: 220 | AK95: 353 | AL95: 204 | AM95: 399 | AN95: 231 | AO95: 19542.35 | AP95: 19017.17 | AQ95: 1112.49 | AR95: =AO95-AQ95 -> 18429.86
A96: 41518 | B96: 880.153-3 - Agência Nacional de Transportes Aquaviários - ANTAQ | C96: 04.903.587/0001-08 | D96: P. PUBLICO | E96: VERDE | F96: THS-AS | G96: 41521 | H96: 41490 | I96: 53155639 | J96: 0.09 | K96: 0.36 | L96: 0 | M96: SECO | O96: 203 | P96: 6254 | Q96: 53402 | R96: 0 | S96: 0 | T96: 0 | U96: 0 | V96: 0 | W96: =O96 -> 203 | X96: 0 | Y96: 0 | Z96: =P96 -> 6254 | AA96: 1.0984215 | AB96: =Z96*AA96 -> 6869.5281 | AC96: 53402 | AD96: 0.2252839 | AE96: =AD96*AC96 -> 12030.611 | AF96: 251 | AG96: 11.475356 | AH96: 2880.31 | AI96: 380 | AJ96: 220 | AK96: 353 | AL96: 204 | AM96: 399 | AN96: 231 | AO96: 22763.69 | AP96: 21780.44 | AQ96: 1274.14 | AR96: =AO96-AQ96 -> 21489.55
A97: 41548 | B97: 880.153-3 - Agência Nacional de Transportes Aquaviários - ANTAQ | C97: 04.903.587/0001-08 | D97: P. PUBLICO | E97: VERDE | F97: THS-AS | G97: 41551 | H97: 04/092013 | I97: 53155639 | J97: 0.09 | K97: 0.36 | L97: 0 | M97: SECO | O97: 310 | P97: 6782 | Q97: 59346 | R97: 0 | S97: 0 | T97: 0 | U97: 0 | V97: 0 | W97: =O97 -> 310 | X97: 0 | Y97: 0 | Z97: =P97 -> 6782 | AA97: 1.0980219 | AB97: =Z97*AA97 -> 7446.7845 | AC97: 59346 | AD97: 0.2322129 | AE97: =AD97*AC97 -> 13780.907 | AF97: 310 | AG97: 11.327799 | AH97: 3511.61 | AI97: 380 | AJ97: 220 | AK97: 353 | AL97: 204 | AM97: 399 | AN97: 231 | AO97: 26601.15 | AP97: 26075.97 | AQ97: 1525.42 | AR97: =AO97-AQ97 -> 25075.73
A98: 41579 | B98: 880.153-3 - Agência Nacional de Transportes Aquaviários - ANTAQ | C98: 04.903.587/0001-08 | D98: P. PUBLICO | E98: VERDE | F98: THS-AS | G98: 41582 | H98: 41551 | I98: 53155639 | J98: 0.09 | K98: 0.36 | L98: 0 | M98: SECO | O98: 275 | P98: 5684 | Q98: 59293 | R98: 0 | S98: 0 | T98: 0 | U98: 0 | V98: 0 | W98: =O98 -> 275 | X98: 0 | Y98: 0 | Z98: =P98 -> 5684 | AA98: 1.1927131 | AB98: =Z98*AA98 -> 6779.3813 | AC98: 59293 | AD98: 0.2522385 | AE98: =AD98*AC98 -> 14955.977 | AF98: 275 | AG98: 12.304686 | AH98: 3383.78 | AI98: 380 | AJ98: 220 | AK98: 353 | AL98: 204 | AM98: 399 | AN98: 231 | AO98: 26234.93 | AP98: 25709.75 | AQ98: 1504 | AR98: =AO98-AQ98 -> 24730.93
A99: 41609 | B99: 880.153-3 - Agência Nacional de Transportes Aquaviários - ANTAQ | C99: 04.903.587/0001-08 | D99: P. PUBLICO | E99: VERDE | F99: THS-AS | G99: 41612 | H99: 41582 | I99: 53155639 | J99: 0.09 | K99: 0.36 | L99: 0 | M99: UMIDO | O99: 271 | P99: 4807 | Q99: 59094 | R99: 0 | S99: 0 | T99: 0 | U99: 0 | V99: 0 | W99: =O99 -> 271 | X99: 0 | Y99: 0 | Z99: =P99 -> 4807 | AA99: 1.1201777 | AB99: =Z99*AA99 -> 5384.6942 | AC99: 59094 | AD99: 0.2368985 | AE99: =AD99*AC99 -> 13999.28 | AF99: 271 | AG99: 11.55637 | AH99: 3131.77 | AI99: 380 | AJ99: 220 | AK99: 353 | AL99: 204 | AM99: 399 | AN99: 231 | AO99: 23503.16 | AP99: 22977.98 | AQ99: 1344.18 | AR99: =AO99-AQ99 -> 22158.98
A100: 41640 | B100: 880.153-3 - Agência Nacional de Transportes Aquaviários - ANTAQ | C100: 04.903.587/0001-08 | D100: P. PUBLICO | E100: VERDE | F100: THS-AS | G100: 41643 | H100: 41612 | I100: 53155639 | J100: 0.09 | K100: 0.36 | L100: 0 | M100: UMIDO | O100: 237 | P100: 4282 | Q100: 53117 | R100: 0 | S100: 0 | T100: 0 | U100: 0 | V100: 0 | W100: =O100 -> 237 | X100: 0 | Y100: 0 | Z100: =P100 -> 4282 | AA100: 1.0871951 | AB100: =Z100*AA100 -> 4655.3694 | AC100: 53117 | AD100: 0.2299231 | AE100: =AD100*AC100 -> 12212.825 | AF100: 251 | AG100: 11.216104 | AH100: 2815.24 | AI100: 380 | AJ100: 220 | AK100: 353 | AL100: 204 | AM100: 399 | AN100: 231 | AO100: 20208.6 | AP100: 19683.42 | AQ100: 1151.47 | AR100: =AO100-AQ100 -> 19057.13
A101: 41671 | B101: 880.153-3 - Agência Nacional de Transportes Aquaviários - ANTAQ | C101: 04.903.587/0001-08 | D101: P. PUBLICO | E101: VERDE | F101: THS-AS | G101: 41674 | H101: 41643 | I101: 53155639 | J101: 0.09 | K101: 0.36 | L101: 0 | M101: UMIDO | O101: 267 | P101: 4953 | Q101: 60861 | R101: 0 | S101: 0 | T101: 0 | U101: 0 | V101: 0 | W101: =O101 -> 267 | X101: 0 | Y101: 0 | Z101: =P101 -> 4953 | AA101: 1.0597649 | AB101: =Z101*AA101 -> 5249.0155 | AC101: 60861 | AD101: 0.2241222 | AE101: =AD101*AC101 -> 13640.301 | AF101: 267 | AG101: 10.933119 | AH101: 2919.14 | AI101: 380 | AJ101: 220 | AK101: 353 | AL101: 204 | AM101: 399 | AN101: 231 | AO101: 22712.79 | AP101: 22157.3 | AQ101: 1296.23 | AR101: =AO101-AQ101 -> 21416.56
A102: 41699 | B102: 880.153-3 - Agência Nacional de Transportes Aquaviários - ANTAQ | C102: 04.903.587/0001-08 | D102: P. PUBLICO | E102: VERDE | F102: THS-AS | G102: 41702 | H102: 41674 | I102: 53155639 | J102: 0.09 | K102: 0.36 | L102: 0 | M102: UMIDO | O102: 265 | P102: 5661 | Q102: 56417 | R102: 0 | S102: 0 | T102: 0 | U102: 0 | V102: 0 | W102: =O102 -> 265 | X102: 0 | Y102: 0 | Z102: =P102 -> 5661 | AA102: 1.0928825 | AB102: =Z102*AA102 -> 6186.8078 | AC102: 56417 | AD102: 0.2311259 | AE102: =AD102*AC102 -> 13039.43 | AF102: 265 | AG102: 11.274778 | AH102: 2987.81 | AI102: 380 | AJ102: 220 | AK102: 353 | AL102: 204 | AM102: 399 | AN102: 231 | AO102: 23084.21 | AP102: 22529.72 | AQ102: 1317.97 | AR102: =AO102-AQ102 -> 21766.24
A103: 41730 | B103: 880.153-3 - Agência Nacional de Transportes Aquaviários - ANTAQ | C103: 04.903.587/0001-08 | D103: P. PUBLICO | E103: VERDE | F103: THS-AS | G103: 41733 | H103: 41702 | I103: 53155639 | J103: 0.09 | K103: 0.36 | L103: 0 | M103: UMIDO | O103: 235 | P103: 6794 | Q103: 56748 | R103: 0 | S103: 0 | T103: 0 | U103: 0 | V103: 0 | W103: =O103 -> 235 | X103: 0 | Y103: 0 | Z103: =P103 -> 6794 | AA103: 1.1003047 | AB103: =Z103*AA103 -> 7475.4701 | AC103: 56748 | AD103: 0.2326957 | AE103: =AD103*AC103 -> 13205.016 | AF103: 251 | AG103: 11.351351 | AH103: 2849.18 | AI103: 380 | AJ103: 220 | AK103: 353 | AL103: 204 | AM103: 399 | AN103: 231 | AO103: 24084.15 | AP103: 23529.66 | AQ103: 1376.46 | AR103: =AO103-AQ103 -> 22707.69
A104: 41760 | B104: 880.153-3 - Agência Nacional de Transportes Aquaviários - ANTAQ | C104: 04.903.587/0001-08 | D104: P. PUBLICO | E104: VERDE | F104: THS-AS | G104: 41763 | H104: 41733 | I104: 53155639 | J104: 0.09 | K104: 0.36 | L104: 0 | M104: SECO | O104: 244 | P104: 5437 | Q104: 53347 | R104: 0 | S104: 0 | T104: 0 | U104: 0 | V104: 0 | W104: =O104 -> 244 | X104: 0 | Y104: 0 | Z104: =P104 -> 5437 | AA104: 1.1018318 | AB104: =Z104*AA104 -> 5990.6595 | AC104: 53347 | AD104: 0.2330186 | AE104: =AD104*AC104 -> 12430.843 | AF104: 251 | AG104: 11.367105 | AH104: 2853.14 | AI104: 380 | AJ104: 220 | AK104: 353 | AL104: 204 | AM104: 399 | AN104: 231 | AO104: 21829.12 | AP104: 21274.63 | AQ104: 1244.54 | AR104: =AO104-AQ104 -> 20584.58
A105: 41791 | B105: 880.153-3 - Agência Nacional de Transportes Aquaviários - ANTAQ | C105: 04.903.587/0001-08 | D105: P. PUBLICO | E105: VERDE | F105: THS-AS | G105: 41794 | H105: 41763 | I105: 53155639 | J105: 0.09 | K105: 0.36 | L105: 0 | M105: SECO | O105: 234 | P105: 6281 | Q105: 51230 | R105: 0 | S105: 0 | T105: 0 | U105: 0 | V105: 0 | W105: =O105 -> 234 | X105: 0 | Y105: 0 | Z105: =P105 -> 6281 | AA105: 1.0811247 | AB105: =Z105*AA105 -> 6790.5442 | AC105: 51230 | AD105: 0.2286394 | AE105: =AD105*AC105 -> 11713.196 | AF105: 251 | AG105: 11.153479 | AH105: 2799.52 | AI105: 380 | AJ105: 220 | AK105: 353 | AL105: 204 | AM105: 399 | AN105: 231 | AO105: 21857.74 | AP105: 21303.25 | AQ105: 1246.22 | AR105: =AO105-AQ105 -> 20611.52
A106: 41821 | B106: 880.153-3 - Agência Nacional de Transportes Aquaviários - ANTAQ | C106: 04.903.587/0001-08 | D106: P. PUBLICO | E106: VERDE | F106: THS-AS | G106: 41824 | H106: 41794 | I106: 53155639 | J106: 0.09 | K106: 0.36 | L106: 0 | M106: SECO | O106: 191 | P106: 4984 | Q106: 41335 | R106: 0 | S106: 0 | T106: 0 | U106: 0 | V106: 0 | W106: =O106 -> 191 | X106: 0 | Y106: 0 | Z106: =P106 -> 4984 | AA106: 1.1064389 | AB106: =Z106*AA106 -> 5514.4915 | AC106: 41335 | AD106: 0.2339929 | AE106: 9672.09 | AF106: 251 | AG106: 11.414633 | AH106: 2865.07 | AI106: 380 | AJ106: 220 | AK106: 353 | AL106: 204 | AM106: 399 | AN106: 231 | AO106: 18606.14 | AP106: 18051.65 | AQ106: 1055.99 | AR106: =AO106-AQ106 -> 17550.15
A107: 41852 | B107: 880.153-3 - Agência Nacional de Transportes Aquaviários - ANTAQ | C107: 04.903.587/0001-08 | D107: P. PUBLICO | E107: VERDE | F107: THS-AS | G107: 43316 | H107: 41824 | I107: 53155639 | J107: 0.09 | K107: 0.36 | L107: 0 | M107: SECO | O107: 172 | P107: 5181 | Q107: 42998 | R107: 0 | S107: 0 | T107: 0 | U107: 0 | V107: 0 | W107: =O107 -> 172 | X107: 0 | Y107: 0 | Z107: =P107 -> 5181 | AA107: 1.099695 | AB107: =Z107*AA107 -> 5697.5198 | AC107: 42998 | AD107: 0.2325667 | AE107: =AD107*AC107 -> 9999.903 | AF107: 251 | AG107: 11.345061 | AH107: 2847.61 | AI107: 380 | AJ107: 220 | AK107: 353 | AL107: 204 | AM107: 399 | AN107: 231 | AO107: 19099.51 | AP107: 18545.02 | AQ107: 1084.88 | AR107: =AO107-AQ107 -> 18014.63
A108: 41883 | B108: 880.153-3 - Agência Nacional de Transportes Aquaviários - ANTAQ | C108: 04.903.587/0001-08 | D108: P. PUBLICO | E108: VERDE | F108: THS-AS | G108: 41886 | H108: 41855 | I108: 53155639 | J108: 0.09 | K108: 0.36 | L108: 0 | M108: SECO | O108: 274 | P108: 6928 | Q108: 54971 | R108: 0 | S108: 0 | T108: 0 | U108: 0 | V108: 0 | W108: =O108 -> 274 | X108: 0 | Y108: 0 | Z108: =P108 -> 6928 | AA108: 1.1373527 | AB108: =Z108*AA108 -> 7879.5795 | AC108: 54971 | AD108: 0.2499069 | AE108: =AD108*AC108 -> 13737.632 | AF108: 274 | AG108: 11.595152 | AH108: 3177.07 | AI108: 380 | AJ108: 220 | AK108: 353 | AL108: 204 | AM108: 399 | AN108: 231 | AO108: 25891.29 | AP108: 25327.64 | AQ108: 1481.64 | AR108: =AO108-AQ108 -> 24409.65
A109: 41913 | B109: 880.153-3 - Agência Nacional de Transportes Aquaviários - ANTAQ | C109: 04.903.587/0001-08 | D109: P. PUBLICO | E109: VERDE | F109: THS-AS | G109: 41916 | H109: 41886 | I109: 53155639 | J109: 0.09 | K109: 0.36 | L109: 0 | M109: SECO | O109: 327 | P109: 7747 | Q109: 67676 | R109: 0 | S109: 0 | T109: 0 | U109: 0 | V109: 0 | W109: =O109 -> 327 | X109: 0 | Y109: 0 | Z109: =P109 -> 7747 | AA109: 1.2295574 | AB109: =Z109*AA109 -> 9525.3809 | AC109: 67676 | AD109: 0.2893065 | AE109: =AD109*AC109 -> 19579.107 | AF109: 327 | AG109: 12.252853 | AH109: 4006.68 | AI109: 380 | AJ109: 220 | AK109: 353 | AL109: 204 | AM109: 399 | AN109: 231 | AO109: 35528.2 | AP109: 34973.71 | AQ109: 2045.94 | AR109: =AO109-AQ109 -> 33482.26 | AS109: Aumento na demanda e reajuste de tarifa
A110: 41944 | B110: 880.153-3 - Agência Nacional de Transportes Aquaviários - ANTAQ | C110: 04.903.587/0001-08 | D110: P. PUBLICO | E110: VERDE | F110: THS-AS | G110: 41947 | H110: 41916 | I110: 53155639 | J110: 0.09 | K110: 0.36 | L110: 0 | M110: SECO | O110: 321 | P110: 6513 | Q110: 67095 | R110: 0 | S110: 0 | T110: 0 | U110: 0 | V110: 0 | W110: =O110 -> 321 | X110: 0 | Y110: 0 | Z110: =P110 -> 6513 | AA110: 1.2324911 | AB110: =Z110*AA110 -> 8027.2145 | AC110: 67095 | AD110: 0.2899929 | AE110: =AD110*AC110 -> 19457.074 | AF110: 321 | AG110: 12.281925 | AH110: 3942.49 | AI110: 380 | AJ110: 220 | AK110: 353 | AL110: 204 | AM110: 399 | AN110: 231 | AO110: 33700.72 | AP110: 33146.23 | AQ110: 1939.04 | AR110: =AO110-AQ110 -> 31761.68
A111: 41974 | B111: 880.153-3 - Agência Nacional de Transportes Aquaviários - ANTAQ | C111: 04.903.587/0001-08 | D111: P. PUBLICO | E111: VERDE | F111: THS-AS | G111: 41977 | H111: 41947 | I111: 53155639 | J111: 0.09 | K111: 0.36 | L111: 0 | M111: SECO | O111: 230 | P111: 4935 | Q111: 58675 | R111: 0 | S111: 0 | T111: 0 | U111: 0 | V111: 0 | W111: =O111 -> 230 | X111: 0 | Y111: 0 | Z111: =P111 -> 4935 | AA111: 1.2347314 | AB111: =Z111*AA111 -> 6093.3995 | AC111: 58675 | AD111: 0.2905199 | AE111: =AD111*AC111 -> 17046.255 | AF111: 251 | AG111: 12.30425 | AH111: 3088.36 | AI111: 380 | AJ111: 220 | AK111: 353 | AL111: 204 | AM111: 399 | AN111: 231 | AO111: 26782.49 | AP111: 26228 | AQ111: 1534.33 | AR111: =AO111-AQ111 -> 25248.16
A112: 42005 | B112: 880.153-3 - Agência Nacional de Transportes Aquaviários - ANTAQ | C112: 04.903.587/0001-08 | D112: P. PUBLICO | E112: VERDE | F112: THS-AS | G112: 42038 | H112: 42008 | I112: 53155639 | J112: 0.09 | K112: 0.36 | L112: 0 | M112: UMIDO | O112: 288 | P112: 5196 | Q112: 62756 | R112: 0 | S112: 0 | T112: 0 | U112: 0 | V112: 0 | W112: =O112 -> 288 | X112: 0 | Y112: 0 | Z112: =P112 -> 5196 | AA112: 1.4944511 | AB112: =Z112*AA112 -> 7765.1679 | AC112: 62756 | AD112: 0.3891777 | AE112: =AD112*AC112 -> 24423.236 | AF112: 288 | AG112: 12.242625 | AH112: 3525.87 | AI112: 380 | AJ112: 220 | AK112: 353 | AL112: 204 | AM112: 399 | AN112: 231 | AO112: 32381.55 | AP112: 31791.96 | AQ112: 1859.8 | AR112: =AO112-AQ112 -> 30521.75 | AS112: Houve desconto de 15% na tarifa de consumo
A113: 42036 | B113: 880.153-3 - Agência Nacional de Transportes Aquaviários - ANTAQ | C113: 04.903.587/0001-08 | D113: P. PUBLICO | E113: VERDE | F113: THS-AS | G113: 42066 | H113: 42038 | I113: 53155639 | J113: 0.09 | K113: 0.36 | L113: 0 | M113: UMIDO | O113: 253 | P113: 4857 | Q113: 50125 | R113: 0 | S113: 0 | T113: 0 | U113: 0 | V113: 0 | W113: =O113 -> 253 | X113: 0 | Y113: 0 | Z113: =P113 -> 4857 | AA113: 1.2858826 | AB113: =Z113*AA113 -> 6245.5318 | AC113: 50125 | AD113: 0.3407629 | AE113: =AD113*AC113 -> 17080.74 | AF113: 253 | AG113: 12.309287 | AH113: 3114.24 | AI113: 380 | AJ113: 220 | AK113: 353 | AL113: 204 | AM113: 399 | AN113: 231 | AO113: 27030.1 | AP113: 26440.51 | AQ113: 1546.75 | AR113: 19199.07 | AS113: Compensação de valores
A114: 42064 | B114: 880.153-3 - Agência Nacional de Transportes Aquaviários - ANTAQ | C114: 04.903.587/0001-08 | D114: P. PUBLICO | E114: VERDE | F114: THS-AS | G114: 42097 | H114: 42066 | I114: 53155639 | J114: 0.09 | K114: 0.36 | L114: 0 | M114: UMIDO | O114: 257 | P114: 6452 | Q114: 56301 | R114: 0 | S114: 0 | T114: 0 | U114: 0 | V114: 0 | W114: =O114 -> 257 | X114: 0 | Y114: 0 | Z114: =P114 -> 6452 | AA114: 1.4164016 | AB114: =Z114*AA114 -> 9138.6231 | AC114: 56301 | AD114: 0.450601 | AE114: =AD114*AC114 -> 25369.287 | AF114: 257 | AG114: 12.491363 | AH114: 3210.28 | AI114: 380 | AJ114: 220 | AK114: 353 | AL114: 204 | AM114: 399 | AN114: 231 | AO114: 38307.77 | AP114: 37718.18 | AQ114: 2206.49 | AR114: =AO114-AQ114 -> 36101.28
A115: 42095 | B115: 880.153-3 - Agência Nacional de Transportes Aquaviários - ANTAQ | C115: 04.903.587/0001-08 | D115: P. PUBLICO | E115: VERDE | F115: THS-AS | G115: 42127 | H115: 42097 | I115: 53155639 | J115: 0.09 | K115: 0.36 | L115: 0 | M115: SECO | O115: 241 | P115: 5225 | Q115: 50987 | R115: 0 | S115: 0 | T115: 0 | U115: 0 | V115: 0 | W115: =O115 -> 241 | X115: 0 | Y115: 0 | Z115: =P115 -> 5225 | AA115: 1.4242738 | AB115: =Z115*AA115 -> 7441.8306 | AC115: 50987 | AD115: 0.4531053 | AE115: =AD115*AC115 -> 23102.48 | AF115: 251 | AG115: 12.560788 | AH115: 3152.72 | AI115: 380 | AJ115: 220 | AK115: 353 | AL115: 204 | AM115: 399 | AN115: 231 | AO115: 34286.64 | AP115: 33697.05 | AQ115: 1971.27 | AR115: =AO115-AQ115 -> 32315.37
A116: 42125 | B116: 880.153-3 - Agência Nacional de Transportes Aquaviários - ANTAQ | C116: 04.903.587/0001-08 | D116: P. PUBLICO | E116: VERDE | F116: THS-AS | G116: 03/06/2015-03/05/2015 | I116: 53155639 | J116: 0.09 | K116: 0.36 | L116: 0 | M116: SECO | O116: 198 | P116: 5822 | Q116: 49617 | R116: 0 | S116: 0 | T116: 0 | U116: 0 | V116: 0 | W116: =O116 -> 198 | X116: 0 | Y116: 0 | Z116: =P116 -> 5822 | AA116: 1.4510899 | AB116: =Z116*AA116 -> 8448.2454 | AC116: 49617 | AD116: 0.4616363 | AE116: =AD116*AC116 -> 22905.008 | AF116: 251 | AG116: 12.797282 | AH116: 3212.11 | AI116: 380 | AJ116: 220 | AK116: 353 | AL116: 204 | AM116: 399 | AN116: 231 | AO116: 35976.36 | AP116: 34565.35 | AQ116: 2022.06 | AR116: =AO116-AQ116 -> 33954.3
A117: 42156 | B117: 880.153-3 - Agência Nacional de Transportes Aquaviários - ANTAQ | C117: 04.903.587/0001-08 | D117: P. PUBLICO | E117: VERDE | F117: THS-AS | G117: 42188 | H117: 42158 | I117: 53155639 | J117: 0.09 | K117: 0.36 | L117: 0 | M117: SECO | O117: 220 | P117: 5454 | Q117: 44887 | R117: 0 | S117: 0 | T117: 0 | U117: 0 | V117: 0 | W117: =O117 -> 220 | X117: 0 | Y117: 0 | Z117: =P117 -> 5454 | AA117: 1.4866568 | AB117: =Z117*AA117 -> 8108.2262 | AC117: 44887 | AD117: 0.4729513 | AE117: =AD117*AC117 -> 21229.365 | AF117: 251 | AG117: 13.110949 | AH117: 3290.84 | AI117: 380 | AJ117: 220 | AK117: 353 | AL117: 204 | AM117: 399 | AN117: 231 | AO117: 33218.01 | AP117: 32628.42 | AQ117: 1908.75 | AR117: =AO117-AQ117 -> 31309.26
A118: 42186 | B118: 880.153-3 - Agência Nacional de Transportes Aquaviários - ANTAQ | C118: 04.903.587/0001-08 | D118: P. PUBLICO | E118: VERDE | F118: THS-AS | G118: 42219 | H118: 42188 | I118: 53155639 | J118: 0.09 | K118: 0.36 | L118: 0 | M118: SECO | O118: 217 | P118: 5561 | Q118: 47226 | R118: 0 | S118: 0 | T118: 0 | U118: 0 | V118: 0 | W118: =O118 -> 217 | X118: 0 | Y118: 0 | Z118: =P118 -> 5561 | AA118: 1.4402836 | AB118: =Z118*AA118 -> 8009.4171 | AC118: 47226 | AD118: 0.4581986 | AE118: =AD118*AC118 -> 21638.887 | AF118: 251 | AG118: 12.701981 | AH118: 3188.19 | AI118: 380 | AJ118: 220 | AK118: 353 | AL118: 204 | AM118: 399 | AN118: 231 | AO118: 33426.07 | AP118: 32836.48 | AQ118: 1920.91 | AR118: =AO118-AQ118 -> 31505.16
A119: 42217 | B119: 880.153-3 - Agência Nacional de Transportes Aquaviários - ANTAQ | C119: 04.903.587/0001-08 | D119: P. PUBLICO | E119: VERDE | F119: THS-AS | G119: 42250 | H119: 42219 | I119: 53155639 | J119: 0.09 | K119: 0.36 | L119: 0 | M119: SECO | O119: 283 | P119: 7545 | Q119: 60692 | R119: 0 | S119: 0 | T119: 0 | U119: 0 | V119: 0 | W119: =O119 -> 283 | X119: 0 | Y119: 0 | Z119: =P119 -> 7545 | AA119: 1.4918799 | AB119: =Z119*AA119 -> 11256.234 | AC119: 60692 | AD119: 0.4825685 | AE119: =AD119*AC119 -> 29288.047 | AF119: 283 | AG119: 13.003676 | AH119: 3680.04 | AI119: 380 | AJ119: 220 | AK119: 353 | AL119: 204 | AM119: 399 | AN119: 231 | AO119: 46377.11 | AP119: 45056.54 | AQ119: 2635.78 | AR119: =AO119-AQ119 -> 43741.33
A120: 42248 | B120: 880.153-3 - Agência Nacional de Transportes Aquaviários - ANTAQ | C120: 04.903.587/0001-08 | D120: P. PUBLICO | E120: VERDE | F120: THS-AS | G120: 42280 | H120: 42250 | I120: 53155639 | J120: 0.09 | K120: 0.36 | L120: 0 | M120: SECO | O120: 324 | P120: 8671 | Q120: 70653 | R120: 0 | S120: 0 | T120: 0 | U120: 0 | V120: 0 | W120: =O120 -> 324 | X120: 0 | Y120: 0 | Z120: =P120 -> 8671 | AA120: 1.6176074 | AB120: =Z120*AA120 -> 14026.274 | AC120: 70653 | AD120: 0.5358567 | AE120: =AD120*AC120 -> 37859.883 | AF120: 324 | AG120: 13.815225 | AH120: 4476.13 | AI120: 380 | AJ120: 220 | AK120: 353 | AL120: 204 | AM120: 399 | AN120: 231 | AO120: 58968.89 | AP120: 58379.3 | AQ120: 3415.17 | AR120: =AO120-AQ120 -> 55553.72
A121: 42278 | B121: 880.153-3 - Agência Nacional de Transportes Aquaviários - ANTAQ | C121: 04.903.587/0001-08 | D121: P. PUBLICO | E121: VERDE | F121: THS-AS | G121: 42311 | H121: 42280 | I121: 53155639 | J121: 0.09 | K121: 0.36 | L121: 0 | M121: SECO | O121: 360 | P121: 7227 | Q121: 74454 | R121: 0 | S121: 0 | T121: 0 | U121: 0 | V121: 0 | W121: =O121 -> 360 | X121: 0 | Y121: 0 | Z121: 7227 | AA121: 1.59914 | AB121: 11556.98 | AC121: 74454 | AD121: 0.5297391 | AE121: 39441.19 | AF121: 360 | AG121: 13.657504 | AH121: 4916.7 | AI121: 380 | AJ121: 220 | AK121: 353 | AL121: 204 | AM121: 399 | AN121: 231 | AO121: 59481.79 | AP121: 58892.2 | AQ121: 3445.17 | AR121: =AO121-AQ121 -> 56036.62 | AS121: Adicional bandeira vermelha 3.675,63
A122: 42309 | B122: 880.153-3 - Agência Nacional de Transportes Aquaviários - ANTAQ | C122: 04.903.587/0001-08 | D122: P. PUBLICO | E122: VERDE | F122: THS-AS | G122: 42341 | H122: 42311 | I122: 53155639 | J122: 0.09 | K122: 0.36 | L122: 0 | M122: ÚMIDO | O122: 336 | P122: 6625 | Q122: 77195 | R122: 0 | S122: 0 | T122: 0 | U122: 0 | V122: 0 | W122: =O122 -> 336 | X122: 0 | Y122: 0 | Z122: 6625 | AA122: 1.6185304 | AB122: 10722.76 | AC122: 77195 | AD122: 0.5361625 | AE122: 41389.06 | AF122: 336 | AG122: 13.823109 | AH122: =SUM(AF122*AG122) -> 4644.5646 | AI122: 380 | AJ122: 320 | AK122: 353 | AL122: 204 | AM122: 399 | AN122: 231 | AO122: 59695.89 | AP122: 59106.3 | AQ122: 3457.7 | AR122: =AO122-AQ122 -> 56238.19 | AS122: Adicional bandeira vermelha 3.771,89
A123: 42339 | B123: 880.153-3 - Agência Nacional de Transportes Aquaviários - ANTAQ | C123: 04.903.587/0001-08 | D123: P. PUBLICO | E123: VERDE | F123: THS-AS | G123: 42372 | H123: 42341 | I123: 53155639 | J123: 0.09 | K123: 0.36 | L123: 0 | M123: ÚMIDO | O123: 300 | P123: 5242 | Q123: 63887 | R123: 0 | S123: 0 | T123: 0 | U123: 0 | V123: 0 | W123: 300 | X123: 0 | Y123: 0 | Z123: 5242 | AA123: 1.6294555 | AB123: 8541.6 | AC123: 63887 | AD123: 0.5397815 | AE123: 34485.02 | AF123: 300 | AG123: 13.916415 | AH123: 4174.92 | AI123: 380 | AJ123: 220 | AK123: 353 | AL123: 204 | AM123: 399 | AN123: 231 | AO123: 56140.97 | AP123: 55551.38 | AQ123: 3249.74 | AR123: =AO123-AQ123 -> 52891.23 | AS123: Adicional bandeira vermelha 3.110,79
A124: 42370 | B124: 880.153-3 - Agência Nacional de Transportes Aquaviários - ANTAQ | C124: 04.903.587/0001-08 | D124: P. PUBLICO | E124: VERDE | F124: THS-AS | G124: 42403 | H124: 42372 | I124: 53155639 | J124: 0.09 | K124: 0.36 | L124: 0 | M124: ÚMIDO | O124: 273 | P124: 4840 | Q124: 59515 | R124: 0 | S124: 0 | T124: 0 | U124: 0 | W124: 273 | X124: 0 | Y124: 0 | Z124: 4840 | AA124: 1.6355922 | AB124: 7916.26 | AC124: 59515 | AD124: 0.5404131 | AE124: 32162.68 | AF124: 273 | AG124: 13.98672 | AH124: 3818.37 | AI124: 380 | AJ124: 220 | AK124: 353 | AL124: 204 | AM124: 399 | AN124: 231 | AO124: 45166.99 | AP124: 44512.72 | AQ124: 2603.98 | AR124: 42563.01 | AS124: Adicional bandeira vermelha 2.802,54
A125: 42401 | B125: 880.153-3 - Agência Nacional de Transportes Aquaviários - ANTAQ | C125: 04.903.587/0001-08 | D125: P. PUBLICO | E125: VERDE | F125: THS-AS | G125: 42432 | H125: 42403 | I125: 53155639 | J125: 0.09 | K125: 0.36 | L125: 0 | M125: ÚMIDO | O125: 309 | P125: 5584 | Q125: 64662 | R125: 0 | S125: 0 | T125: 0 | U125: 0 | V125: 0 | W125: 309 | X125: 0 | Y125: 0 | Z125: 5584 | AA125: 1.5958292 | AB125: 8911.11 | AC125: 64662 | AD125: 0.5128434 | AE125: 33161.47 | AF125: 309 | AG125: 13.831 | AH125: 4273.77 | AI125: 380 | AJ125: 220 | AK125: 353 | AL125: 204 | AM125: 399 | AN125: 231 | AO125: 48605.01 | AP125: 47950.74 | AQ125: 2805.09 | AR125: 45799.92 | AS125: Adicional bandeira vermelha 1.889,36 e amarela 108,99
A126: 42430 | B126: 880.153-3 - Agência Nacional de Transportes Aquaviários - ANTAQ | C126: 04.903.587/0001-08 | D126: P. PUBLICO | E126: VERDE | F126: THS-AS | G126: 42463 | H126: 42432 | I126: 53155639 | J126: 0.09 | K126: 0.36 | L126: 0 | M126: ÚMIDO | O126: 307 | P126: 7093 | Q126: 68758 | R126: 0 | S126: 0 | T126: 0 | U126: 0 | V126: 0 | W126: 307 | X126: 0 | Y126: 0 | Z126: 7093 | AA126: 1.5802007 | AB126: 11208.36 | AC126: 68758 | AD126: 0.4933365 | AE126: 33920.83 | AF126: 307 | AG126: 13.880532 | AH126: 4261.32 | AI126: 380 | AJ126: 220 | AK126: 353 | AL126: 204 | AM126: 399 | AN126: 231 | AO126: 51599.39 | AP126: 50945.12 | AQ126: 2980.28 | AR126: 48619.11 | AS126: Adicional bandeira amarela 1.027,64
A127: 42461 | B127: 880.153-3 - Agência Nacional de Transportes Aquaviários - ANTAQ | C127: 04.903.587/0001-08 | D127: P. PUBLICO | E127: VERDE | F127: THS-AS | G127: 42493 | H127: 42463 | I127: 53155639 | J127: 0.09 | K127: 0.36 | L127: 0 | M127: SECO | O127: 289 | P127: 6437 | Q127: 65263 | R127: 0 | S127: 0 | T127: 0 | U127: 0 | V127: 0 | W127: 289 | X127: 0 | Y127: 0 | Z127: 6437 | AA127: 1.594133 | AB127: 10261.43 | AC127: 65263 | AD127: 0.4840525 | AE127: 31590.71 | AF127: 289 | AG127: 14.177029 | AH127: 4097.16 | AI127: 380 | AJ127: 220 | AK127: 353 | AL127: 204 | AM127: 399 | AN127: 231 | AO127: 48864.44 | AP127: 47026.75 | AQ127: 2751.05 | AR127: 46,113,39
A128: 42491 | B128: 880.153-3 - Agência Nacional de Transportes Aquaviários - ANTAQ | C128: 04.903.587/0001-08 | D128: P. PUBLICO | E128: VERDE | F128: THS-AS | G128: 42524 | H128: 42493 | I128: 53155639 | J128: 0.09 | K128: 0.36 | L128: 0 | M128: SECO | O128: 249 | P128: 6311 | Q128: 61688 | R128: 0 | S128: 0 | T128: 0 | U128: 0 | V128: 0 | W128: 249 | X128: 0 | Y128: 0 | Z128: 6311 | AA128: 1.5503555 | AB128: 9784.29 | AC128: 61688 | AD128: 0.4707597 | AE128: 29040.22 | AF128: 251 | AG128: 13.787705 | AH128: 3460.71 | AI128: 380 | AJ128: 220 | AK128: 353 | AL128: 204 | AM128: 399 | AN128: 231 | AO128: 42939.49 | AP128: 42285.22 | AQ128: 2473.67 | AR128: 40465.82
A129: 42522 | B129: 880.153-3 - Agência Nacional de Transportes Aquaviários - ANTAQ | C129: 04.903.587/0001-08 | D129: P. PUBLICO | E129: VERDE | F129: THS-AS | G129: 42554 | H129: 42524 | I129: 53155639 | J129: 0.09 | K129: 0.36 | L129: 0 | M129: SECO | O129: 244 | P129: 6311 | Q129: 61688 | R129: 0 | S129: 0 | T129: 0 | U129: 0 | V129: 0 | W129: 244 | X129: 0 | Y129: 0 | Z129: 5303 | AA129: 1.5442032 | AB129: 8188.9 | AC129: 50301 | AD129: 0.4688915 | AE129: 23585.71 | AF129: 251 | AG129: 13.732992 | AH129: 3446.98 | AI129: 380 | AJ129: 220 | AK129: 353 | AL129: 204 | AM129: 399 | AN129: 231 | AO129: 35875.86 | AP129: 35221.59 | AQ129: 2060.44 | AR129: 33815.42
A130: 42552 | B130: 880.153-3 - Agência Nacional de Transportes Aquaviários - ANTAQ | C130: 04.903.587/0001-08 | D130: P. PUBLICO | E130: VERDE | F130: THS-AS | G130: 42585 | H130: 42554 | I130: 53155639 | J130: 0.09 | K130: 0.36 | L130: 0 | M130: SECO | O130: 214 | P130: 5687 | Q130: 52461 | R130: 0 | S130: 0 | T130: 0 | U130: 0 | V130: 0 | W130: 214 | X130: 0 | Y130: 0 | Z130: 5687 | AA130: 1.4796168 | AB130: 8414.58 | AC130: 52461 | AD130: 0.4492508 | AE130: 23569.68 | AF130: 251 | AG130: 13.158609 | AH130: 3302.81 | AI130: 380 | AJ130: 220 | AK130: 353 | AL130: 204 | AM130: 399 | AN130: 231 | AO130: 35941.34 | AP130: 35287.07 | AQ130: 2064.28 | AR130: 33877.06
A131: 42583 | B131: 880.153-3 - Agência Nacional de Transportes Aquaviários - ANTAQ | C131: 04.903.587/0001-08 | D131: P. PUBLICO | E131: VERDE | F131: THS-AS | G131: 42616 | H131: 42585 | I131: 53155639 | J131: 0.09 | K131: 0.36 | L131: 0 | M131: SECO | O131: 249 | P131: 6643 | Q131: 60635 | R131: 0 | S131: 0 | T131: 0 | U131: 0 | V131: 0 | W131: 249 | X131: 0 | Y131: 0 | Z131: 6643 | AA131: 1.5431098 | AB131: 10250.87 | AC131: 60635 | AD131: 0.4685595 | AE131: 28411.1 | AF131: 251 | AG131: 13.723267 | AH131: 3444.53 | AI131: 380 | AJ131: 220 | AK131: 353 | AL131: 204 | AM131: 399 | AN131: 231 | AO131: 42760.77 | AP131: 42106.5 | AQ131: 2463.21 | AR131: 40297.56
A132: 42614 | B132: 880.153-3 - Agência Nacional de Transportes Aquaviários - ANTAQ | C132: 04.903.587/0001-08 | D132: P. PUBLICO | E132: VERDE | F132: THS-AS | G132: 42646 | H132: 42616 | I132: 53155639 | J132: 0.09 | K132: 0.36 | L132: 0 | M132: SECO | O132: 307 | P132: 6309 | Q132: 63225 | R132: 0 | S132: 0 | T132: 0 | U132: 0 | V132: 0 | W132: 307 | X132: 0 | Y132: 0 | Z132: 6309 | AA132: 1.546395 | AB132: 9756.2 | AC132: 63225 | AD132: 0.469557 | AE132: 29687.74 | AF132: 307 | AG132: 13.752483 | AH132: 4222.01 | AI132: 380 | AJ132: 220 | AK132: 353 | AL132: 204 | AM132: 399 | AN132: 231 | AO132: 45860.49 | AP132: 45206.22 | AQ132: 2644.55 | AR132: 43215.94
A133: 42644 | B133: 880.153-3 - Agência Nacional de Transportes Aquaviários - ANTAQ | C133: 04.903.587/0001-08 | D133: P. PUBLICO | E133: VERDE | F133: THS-AS | G133: 42677 | H133: 42646 | I133: 53155639 | J133: 0.09 | K133: 0.36 | L133: 0 | M133: SECO | O133: 321 | P133: 5759 | Q133: 65156 | R133: 0 | S133: 0 | T133: 0 | U133: 0 | V133: 0 | W133: 321 | X133: 0 | Y133: 0 | Z133: 5759 | AA133: 1.7287526 | AB133: 9955.88 | AC133: 65156 | AD133: 0.4698391 | AE133: 30612.83 | AF133: 321 | AG133: 12.521359 | AH133: 4019.35 | AI133: 380 | AJ133: 220 | AK133: 353 | AL133: 204 | AM133: 399 | AN133: 231 | AO133: 46995.32 | AP133: 46341.05 | AQ133: 2710.94 | AR133: 44284.38 | AS133: Adicional bandeira amarela 102,92
A134: 42675 | B134: 880.153-3 - Agência Nacional de Transportes Aquaviários - ANTAQ | C134: 04.903.587/0001-08 | D134: P. PUBLICO | E134: VERDE | F134: THS-AS | G134: 42707 | H134: 42677 | I134: 53155639 | J134: 0.09 | K134: 0.36 | L134: 0 | M134: SECO | O134: 260 | P134: 4951 | Q134: 59640 | R134: 0 | S134: 0 | T134: 0 | U134: 0 | V134: 0 | W134: 260 | X134: 0 | Y134: 0 | Z134: 4951 | AA134: 2.0231294 | AB134: 10016.51 | AC134: 59640 | AD134: 0.4917485 | AE134: 29327.88 | AF134: 260 | AG134: 11.001852 | AH134: 2860.48 | AI134: 380 | AJ134: 220 | AK134: 353 | AL134: 204 | AM134: 399 | AN134: 231 | AO134: 42859.14 | AP134: 42204.87 | AQ134: 2468.96 | AR134: 40390.18 | AS134: Adicional bandeira amarela 871,96
A135: 42705 | B135: 880.153-3 - Agência Nacional de Transportes Aquaviários - ANTAQ | C135: 04.903.587/0001-08 | D135: P. PUBLICO | E135: VERDE | F135: THS-AS | G135: 42738 | H135: 42707 | I135: 53155639 | J135: 0.09 | K135: 0.36 | L135: 0 | M135: UMIDO | O135: 275 | P135: 4588 | Q135: 60888 | R135: 0 | S135: 0 | T135: 0 | U135: 0 | V135: 0 | W135: 275 | X135: 0 | Y135: 0 | Z135: 4588 | AA135: 2.0033192 | AB135: 9191.22 | AC135: 60888 | AD135: 0.4723749 | AE135: 28761.96 | AF135: 275 | AG135: 10.998717 | AH135: 3024.64 | AI135: 380 | AJ135: 220 | AK135: 353 | AL135: 204 | AM135: 399 | AN135: 231 | AO135: 42160.02 | AP135: 41505.75 | AQ135: 2428.06 | AR135: 39731.96
A136: 42736 | B136: 880.153-3 - Agência Nacional de Transportes Aquaviários - ANTAQ | C136: 04.903.587/0001-08 | D136: P. PUBLICO | E136: VERDE | F136: THS-AS | G136: 42769 | H136: 42738 | I136: 53155639 | J136: 0.09 | K136: 0.36 | L136: 0 | M136: UMIDO | O136: 289 | P136: 5511 | Q136: 69064 | R136: 0 | S136: 0 | T136: 0 | U136: 0 | V136: 0 | W136: 289 | X136: 0 | Y136: 0 | Z136: 5511 | AA136: 1.9914031 | AB136: 10974.62 | AC136: 69064 | AD136: 0.469565 | AE136: 32430.03 | AF136: 289 | AG136: 10.933294 | AH136: 3159.72 | AI136: 380 | AJ136: 220 | AK136: 353 | AL136: 204 | AM136: 399 | AN136: 231 | AO136: 48971.11 | AP136: 47395.3 | AQ136: 2772.6 | AR136: 46198.51
A137: 42767 | B137: 880.153-3 - Agência Nacional de Transportes Aquaviários - ANTAQ | C137: 04.903.587/0001-08 | D137: P. PUBLICO | E137: VERDE | F137: THS-AS | G137: 42797 | H137: 42769 | I137: 53155639 | J137: 0.09 | K137: 0.36 | L137: 0 | M137: UMIDO | O137: 274 | P137: 4883 | Q137: 53468 | R137: 0 | S137: 0 | T137: 0 | U137: 0 | V137: 0 | W137: 274 | X137: 0 | Y137: 0 | Z137: 4883 | AA137: 2.0098083 | AB137: 9813.89 | AC137: 53468 | AD137: 0.4762419 | AE137: 25463.7 | AF137: 274 | AG137: 11.017553 | AH137: 3018.8 | AI137: 380 | AJ137: 220 | AK137: 353 | AL137: 204 | AM137: 399 | AN137: 231 | AO137: 39505.81 | AP137: 38803.19 | AQ137: 2269.97 | AR137: 37235.84 | AS137: Adicional bandeira amarela 125,03
A138: 42795 | B138: 880.153-3 - Agência Nacional de Transportes Aquaviários - ANTAQ | C138: 04.903.587/0001-08 | D138: P. PUBLICO | E138: VERDE | F138: THS-AS | G138: 42828 | H138: 42797 | I138: 53155639 | J138: 0.09 | K138: 0.36 | L138: 0 | M138: UMIDO | O138: 303 | P138: 7091 | Q138: 69538 | R138: 0 | S138: 0 | T138: 0 | U138: 0 | V138: 0 | W138: 303 | X138: 0 | Y138: 0 | Z138: 7091 | AA138: 2.0265754 | AB138: 14370.44 | AC138: 69538 | AD138: 0.4978089 | AE138: 34616.63 | AF138: 303 | AG138: 10.98307 | AH138: 3327.87 | AI138: 380 | AJ138: 220 | AK138: 353 | AL138: 204 | AM138: 399 | AN138: 231 | AO138: 54159.79 | AP138: 53457.17 | AQ138: 3127.23 | AR138: 51032.56 | AS138: Adicional bandeira amarela 1.384,25 e vermelha: 188,96
A139: 42826 | B139: 880.153-3 - Agência Nacional de Transportes Aquaviários - ANTAQ | C139: 04.903.587/0001-08 | D139: P. PUBLICO | E139: VERDE | F139: THS-AS | G139: 42858 | H139: 42828 | I139: 53155639 | J139: 0.09 | K139: 0.36 | L139: 0 | M139: SECO | O139: 316 | P139: 6768 | Q139: 66134 | R139: 0 | S139: 0 | T139: 0 | U139: 0 | V139: 0 | W139: 316 | X139: 0 | Y139: 0 | Z139: 6768 | AA139: 2.0074748 | AB139: 13586.58 | AC139: 66134 | AD139: 0.4789259 | AE139: 31673.28 | AF139: 316 | AG139: 10.981507 | AH139: 3470.15 | AI139: 380 | AJ139: 220 | AK139: 353 | AL139: 204 | AM139: 399 | AN139: 231 | AO139: 50860.22 | AP139: 50157.6 | AQ139: 2934.2 | AR139: 47926.02 | AS139: Adicional bandeira vermelha 2.187,04
A140: 42856 | B140: 880.153-3 - Agência Nacional de Transportes Aquaviários - ANTAQ | C140: 04.903.587/0001-08 | D140: P. PUBLICO | E140: VERDE | F140: THS-AS | G140: 42889 | H140: 42858 | I140: 53155639 | J140: 0.09 | K140: 0.36 | L140: 0 | M140: SECO | O140: 258 | P140: 7569 | Q140: 66247 | R140: 0 | S140: 0 | T140: 0 | U140: 0 | V140: 0 | W140: 258 | X140: 0 | Y140: 0 | Z140: 7569 | AA140: 2.0548662 | AB140: 15553.28 | AC140: 66247 | AD140: 0.5084999 | AE140: 33686.59 | AF140: 258 | AG140: 11.109511 | AH140: 2866.25 | AI140: 380 | AJ140: 220 | AK140: 353 | AL140: 204 | AM140: 399 | AN140: 231 | AO140: 52808.74 | AP140: 52106.12 | AQ140: 3048.19 | AR140: 49760.55 | AS140: Adicional bandeira vermelha 2.000,16
A141: 42887 | B141: 880.153-3 - Agência Nacional de Transportes Aquaviários - ANTAQ | C141: 04.903.587/0001-08 | D141: P. PUBLICO | E141: VERDE | F141: THS-AS | G141: 42919 | H141: 42889 | I141: 53155639 | J141: 0.09 | K141: 0.36 | L141: 0 | M141: SECO | O141: 244 | P141: 5460 | Q141: 51998 | R141: 0 | S141: 0 | T141: 0 | U141: 0 | V141: 0 | W141: 244 | X141: 0 | Y141: 0 | Z141: 5460 | AA141: 1.9708202 | AB141: 10760.67 | AC141: 51998 | AD141: 0.4611687 | AE141: 23979.85 | AF141: 251 | AG141: 10.845742 | AH141: 2722.28 | AI141: 380 | AJ141: 220 | AK141: 353 | AL141: 204 | AM141: 399 | AN141: 231 | AO141: 38165.42 | AP141: 37462.8 | AQ141: 2191.55 | AR141: 35973.87 | AS141: Adicional bandeira amarela 114,90
A142: 42917 | B142: 880.153-3 - Agência Nacional de Transportes Aquaviários - ANTAQ | C142: 04.903.587/0001-08 | D142: P. PUBLICO | E142: VERDE | F142: THS-AS | G142: 42950 | H142: 42919 | I142: 53155639 | J142: 0.09 | K142: 0.36 | L142: 0 | M142: SECO | O142: 174 | P142: 5673 | Q142: 46523 | R142: 0 | S142: 0 | T142: 0 | U142: 0 | V142: 0 | W142: 174 | X142: 0 | Y142: 0 | Z142: 5673 | AA142: 2.0375431 | AB142: 11558.98 | AC142: 46523 | AD142: 0.4976033 | AE142: 23149.99 | AF142: 251 | AG142: 11.063341 | AH142: 2776.89 | AI142: 380 | AJ142: 220 | AK142: 353 | AL142: 204 | AM142: 399 | AN142: 231 | AO142: 38188.48 | AP142: 37485.86 | AQ142: 2192.9 | AR142: 35995.58 | AS142: Adicional bandeira amarela 942,88 e vermelha: 151,52
A143: 42948 | B143: 880.153-3 - Agência Nacional de Transportes Aquaviários - ANTAQ | C143: 04.903.587/0001-08 | D143: P. PUBLICO | E143: VERDE | F143: THS-AS | G143: 42981 | H143: 42950 | I143: 53155639 | J143: 0.09 | K143: 0.36 | L143: 0 | M143: SECO | O143: 289 | P143: 7276 | Q143: 61170 | R143: 0 | S143: 0 | T143: 0 | U143: 0 | V143: 0 | W143: 289 | X143: 0 | Y143: 0 | Z143: 7276 | AA143: 2.0085152 | AB143: 14613.95 | AC143: 61170 | AD143: 0.4990758 | AE143: 30528.46 | AF143: 289 | AG143: 10.844219 | AH143: 3133.97 | AI143: 380 | AJ143: 220 | AK143: 353 | AL143: 204 | AM143: 399 | AN143: 231 | AO143: 49803.16 | AP143: 49100.54 | AQ143: 2872.36 | AR143: 46930.8 | AS143: Adicional bandeira amarela 99,35 e vermelha: 1.854,65
A144: 42979 | B144: 880.153-3 - Agência Nacional de Transportes Aquaviários - ANTAQ | C144: 04.903.587/0001-08 | D144: P. PUBLICO | E144: VERDE | F144: THS-AS | G144: 43011 | H144: 42981 | I144: 53155639 | J144: 0.09 | K144: 0.36 | L144: 0 | M144: SECO | O144: 271 | P144: 6798 | Q144: 60035 | R144: 0 | S144: 0 | T144: 0 | U144: 0 | V144: 0 | W144: 271 | X144: 0 | Y144: 0 | Z144: 6798 | AA144: 2.033643 | AB144: 13824.7 | AC144: 60035 | AD144: 0.4972261 | AE144: 29850.96 | AF144: 271 | AG144: 11.038032 | AH144: 2991.3 | AI144: 380 | AJ144: 220 | AK144: 353 | AL144: 204 | AM144: 399 | AN144: 231 | AO144: 47811.1 | AP144: 47108.48 | AQ144: 2755.83 | AR144: 45055.27 | AS144: Adicional bandeira amarela 1.202,98 e vermelha: 233,91
A145: 43009 | B145: 880.153-3 - Agência Nacional de Transportes Aquaviários - ANTAQ | C145: 04.903.587/0001-08 | D145: P. PUBLICO | E145: VERDE | F145: THS-AS | G145: 43042 | H145: 43011 | I145: 53155639 | J145: 0.09 | K145: 0.36 | L145: 0 | M145: SECO | O145: 359 | P145: 6349 | Q145: 72219 | R145: 0 | S145: 0 | T145: 0 | U145: 0 | V145: 0 | W145: 359 | X145: 0 | Y145: 0 | Z145: 6349 | AA145: 2.0112011 | AB145: 12769.11 | AC145: 72919 | AD145: 0.49926333 | AE145: 36405.78 | AF145: 359 | AG145: 13.09663 | AH145: 4.701,,66 | AI145: 380 | AJ145: 220 | AK145: 353 | AL145: 204 | AM145: 399 | AN145: 231 | AO145: 57408.02 | AP145: 56705.4 | AQ145: 3317.25 | AR145: 54090.77 | AS145: Adicional bandeira vermelha: 2.031,31
A146: 43040 | B146: 880.153-3 - Agência Nacional de Transportes Aquaviários - ANTAQ | C146: 04.903.587/0001-08 | D146: P. PUBLICO | E146: VERDE | F146: THS-AS | G146: 43072 | H146: 43042 | I146: 53155639 | J146: 0.09 | K146: 0.36 | L146: 0 | M146: UMIDO | O146: 271 | P146: 4484 | Q146: 58783 | R146: 0 | S146: 0 | T146: 0 | U146: 0 | V146: 0 | W146: 271 | X146: 0 | Y146: 0 | Z146: 4484 | AA146: 2.1001352 | AB146: 9417 | AC146: 58783 | AD146: 0.5219993 | AE146: 30684.68 | AF146: 271 | AG146: 16.648604 | AH146: 4511.77 | AI146: 380 | AJ146: 220 | AK146: 353 | AL146: 204 | AM146: 399 | AN146: 231 | AO146: 45982.01 | AP146: 45279.39 | AQ146: 2648.83 | AR146: 43333.18 | AS146: Adicional bandeira vermelha: 1.708,19
A147: 43070 | B147: 880.153-3 - Agência Nacional de Transportes Aquaviários - ANTAQ | C147: 04.903.587/0001-08 | D147: P. PUBLICO | E147: VERDE | F147: THS-AS | G147: 43103 | H147: 43072 | I147: 53155639 | J147: 0.09 | K147: 0.36 | L147: 0 | M147: UMIDO | O147: 262 | P147: 4303 | Q147: 58279 | R147: 0 | S147: 0 | T147: 0 | U147: 0 | V147: 0 | W147: 262 | X147: 0 | Y147: 0 | Z147: 4303 | AA147: 2.0670583 | AB147: 8894.55 | AC147: 58279 | AD147: 0.4925485 | AE147: 28705.23 | AF147: 262 | AG147: 16.610351 | AH147: 4351.91 | AI147: 380 | AJ147: 220 | AK147: 353 | AL147: 204 | AM147: 399 | AN147: 231 | AO147: 42654.31 | AP147: 41951.69 | AQ147: 2454.16 | AR147: 40200.15 | AS147: Adicional bandeira vermelha: 1.695,75
A148: 43101 | B148: 880.153-3 - Agência Nacional de Transportes Aquaviários - ANTAQ | C148: 04.903.587/0001-08 | D148: P. PUBLICO | E148: VERDE | F148: THS-AS | G148: 43134 | H148: 43103 | I148: 53155639 | J148: 0.09 | K148: 0.36 | L148: 0 | M148: UMIDO | O148: 281 | P148: 5261 | Q148: 66603 | R148: 0 | S148: 0 | T148: 0 | U148: 0 | V148: 0 | W148: 281 | X148: 0 | Y148: 0 | Z148: 5261 | AA148: 2.0387023 | AB148: 10725.61 | AC148: 66603 | AD148: 0.4577825 | AE148: 30489.68 | AF148: 281 | AG148: 16.677974 | AH148: 4686.51 | AI148: 380 | AJ148: 220 | AK148: 353 | AL148: 204 | AM148: 399 | AN148: 231 | AO148: 47618.72 | AP148: 46902.47 | AQ148: 2743.77 | AR148: 44874.95 | AS148: Sem adicional de bandeira
A149: 43132 | B149: 880.153-3 - Agência Nacional de Transportes Aquaviários - ANTAQ | C149: 04.903.587/0001-08 | D149: P. PUBLICO | E149: VERDE | F149: THS-AS | G149: 43162 | H149: 43134 | I149: 53155639 | J149: 0.09 | K149: 0.36 | L149: 0 | M149: UMIDO | O149: 325 | P149: 5156 | Q149: 54131 | R149: 0 | S149: 0 | T149: 0 | U149: 0 | V149: 0 | W149: 325 | X149: 0 | Y149: 0 | Z149: 5156 | AA149: 2.073023 | AB149: 10688.5 | AC149: 54131 | AD149: 0.465489 | AE149: 25197.38 | AF149: 325 | AG149: 16.958739 | AH149: 5511.59 | AI149: 380 | AJ149: 220 | AK149: 353 | AL149: 204 | AM149: 399 | AN149: 231 | AO149: 44623.61 | AP149: 43907.36 | AQ149: 2568.56 | AR149: 42055.05 | AS149: Sem adicional de bandeira
A150: 43160 | B150: 880.153-3 - Agência Nacional de Transportes Aquaviários - ANTAQ | C150: 04.903.587/0001-08 | D150: P. PUBLICO | E150: VERDE | F150: THS-AS | G150: 43193 | H150: 43162 | I150: 53155639 | J150: 0.09 | K150: 0.36 | L150: 0 | M150: UMIDO | O150: 288 | P150: 6656 | Q150: 62303 | R150: 0 | S150: 0 | T150: 0 | U150: 0 | V150: 0 | W150: 288 | X150: 0 | Y150: 0 | Z150: 6656 | AA150: 2.0523494 | AB150: 13660.43 | AC150: 62303 | AD150: 0.4608469 | AE150: 28712.14 | AF150: 288 | AG150: 16.789616 | AH150: 4835.4 | AI150: 380 | AJ150: 220 | AK150: 353 | AL150: 204 | AM150: 399 | AN150: 231 | AO150: 49166.65 | AP150: 48450.4 | AQ150: 2834.33 | AR150: 46332.32 | AS150: Sem adicional de bandeira
A151: 43191 | B151: 880.153-3 - Agência Nacional de Transportes Aquaviários - ANTAQ | C151: 04.903.587/0001-08 | D151: P. PUBLICO | E151: VERDE | F151: THS-AS | G151: 43223 | H151: 43193 | I151: 53155639 | J151: 0.09 | K151: 0.36 | L151: 0 | M151: SECO | O151: 224 | P151: 6070 | Q151: 52689 | R151: 0 | S151: 0 | T151: 0 | U151: 0 | V151: 0 | W151: 224 | X151: 0 | Y151: 0 | Z151: 6070 | AA151: 2.0853376 | AB151: 12657.99 | AC151: 52689 | AD151: 0.4693299 | AE151: 24728.52 | AF151: 251 | AG151: 17.048133 | AH151: 4279.08 | AI151: 380 | AJ151: 353 | AK151: 399 | AL151: 220 | AM151: 204 | AN151: 231 | AO151: 42381.84 | AP151: 41665.59 | AQ151: 2437.41 | AR151: 39944.43 | AS151: Adicional bandeira amarela 58,74
A152: 43221 | B152: 880.153-3 - Agência Nacional de Transportes Aquaviários - ANTAQ | C152: 04.903.587/0001-08 | D152: P. PUBLICO | E152: VERDE | F152: THS-AS | G152: 43254 | H152: 43223 | I152: 53155639 | J152: 0.09 | K152: 0.36 | L152: 0 | M152: SECO | O152: 233 | P152: 5882 | Q152: 53189 | R152: 0 | S152: 0 | T152: 0 | U152: 0 | V152: 0 | W152: 233 | X152: 0 | Y152: 0 | Z152: 5882 | AA152: 2.0947647 | AB152: 12321.4 | AC152: 53189 | AD152: 0.4852318 | AE152: 25808.99 | AF152: 251 | AG152: 16.979827 | AH152: 4261.93 | AI152: 380 | AJ152: 353 | AK152: 399 | AL152: 220 | AM152: 204 | AN152: 231 | AO152: 43108.57 | AP152: 42392.32 | AQ152: 2479.93 | AR152: 40628.64 | AS152: Adicional bandeira amarela 533,53 e vermelha: 285,82
A153: 43252 | B153: 880.153-3 - Agência Nacional de Transportes Aquaviários - ANTAQ | C153: 04.903.587/0001-08 | D153: P. PUBLICO | E153: VERDE | F153: THS-AS | G153: 43284 | H153: 43254 | I153: 53155639 | J153: 0.09 | K153: 0.36 | L153: 0 | M153: SECO | O153: 221 | P153: 5705 | Q153: 49141 | R153: 0 | S153: 0 | T153: 0 | U153: 0 | V153: 0 | W153: 221 | X153: 0 | Y153: 0 | Z153: 5705 | AA153: 2.2329103 | AB153: 12738.75 | AC153: 49141 | AD153: 0.5696255 | AE153: 27991.96 | AF153: 251 | AG153: 17.322411 | AH153: 4347.92 | AI153: 380 | AJ153: 353 | AK153: 353 | AL153: 204 | AM153: 399 | AN153: 231 | AO153: 45794.88 | AP153: 45078.63 | AQ153: 2637.08 | AR153: 43157.8 | AS153: Adicional bandeira vermelha: 2.742,28
A154: 43282 | B154: 880.153-3 - Agência Nacional de Transportes Aquaviários - ANTAQ | C154: 04.903.587/0001-08 | D154: P. PUBLICO | E154: VERDE | F154: THS-AS | G154: 43315 | H154: 43284 | I154: 53155639 | J154: 0.09 | K154: 0.36 | L154: 0 | O154: 201 | P154: 6074 | Q154: 48230 | R154: 0 | S154: 0 | T154: 0 | U154: 0 | V154: 0 | W154: 201 | X154: 0 | Y154: 0 | Z154: 6074 | AA154: 2.2187267 | AB154: 13476.54 | AC154: 48230 | AD154: 0.5837589 | AE154: 28154.69 | AF154: 251 | AG154: 16.705367 | AH154: 4193.04 | AI154: 380 | AJ154: 220 | AK154: 353 | AL154: 204 | AM154: 399 | AN154: 231 | AO154: 46540.52 | AP154: 45824.27 | AQ154: 2680.7 | AR154: 43859.82 | AS154: Adicional bandeira vermelha: 2.715,18
A155: 43313 | B155: 880.153-3 - Agência Nacional de Transportes Aquaviários - ANTAQ | C155: 04.903.587/0001-08 | D155: P. PUBLICO | E155: VERDE | F155: THS-AS | G155: 43346 | H155: 43315 | I155: 53155639 | J155: 0.09 | K155: 0.36 | L155: 0 | O155: 248 | P155: 6584 | Q155: 56207 | R155: 0 | S155: 0 | T155: 0 | U155: 0 | V155: 0 | W155: 248 | X155: 0 | Y155: 0 | Z155: 6584 | AA155: 2.2488299 | AB155: 14806.29 | AC155: 56207 | AD155: 0.5916793 | AE155: 33256.51 | AF155: 251 | AG155: 16.932022 | AH155: 4249.93 | AI155: 380 | AJ155: 220 | AK155: 353 | AL155: 204 | AM155: 399 | AN155: 231 | AO155: 53028.98 | AP155: 52312.73 | AQ155: 3060.28 | AR155: 49968.7 | AS155: Adicional bandeira vermelha: 3.139,53
A156: 43344 | B156: 880.153-3 - Agência Nacional de Transportes Aquaviários - ANTAQ | C156: 04.903.587/0001-08 | D156: P. PUBLICO | E156: VERDE | F156: THS-AS | G156: 43376 | H156: 43346 | I156: 53155639 | J156: 0.09 | K156: 0.36 | L156: 0 | O156: 311 | P156: 7536 | Q156: 64514 | R156: 0 | S156: 0 | T156: 0 | U156: 0 | V156: 0 | W156: 311 | X156: 0 | Y156: 0 | Z156: 7536 | AA156: 2.2235863 | AB156: 16756.94 | AC156: 64514 | AD156: 0.5850375 | AE156: 37743.1 | AF156: 361 | AG156: =AH156/361 -> 19.988283 | AH156: =5206.74+2009.03 -> 7215.77 | AI156: 380 | AJ156: 220 | AK156: 353 | AL156: 204 | AM156: 399 | AN156: 231 | AO156: 62432.06 | AP156: 61715.81 | AQ156: 3610.35 | AR156: 58821.71 | AS156: Adicional de bandeira vermelha: 3.602,48
A157: 43374 | B157: 880.153-3 - Agência Nacional de Transportes Aquaviários - ANTAQ | C157: 04.903.587/0001-08 | D157: P. PUBLICO | E157: VERDE | F157: THS-AS | G157: 43407 | H157: 43376 | I157: 53155639 | J157: 0.09 | K157: 0.36 | L157: 0 | O157: 289 | P157: 7371 | Q157: 64908 | R157: 0 | S157: 0 | T157: 0 | U157: 0 | V157: 0 | W157: 289 | X157: 0 | Y157: 0 | Z157: 7371 | AA157: 2.2615715 | AB157: 16670.04 | AC157: 64908 | AD157: 0.6075166 | AE157: =AC157*AD157-0.01 -> 39432.677 | AF157: 327 | AG157: =AH157/327 -> 18.313547 | AH157: =4741.61+1246.92 -> 5988.53 | AI157: 380 | AJ157: 220 | AK157: 353 | AL157: 204 | AM157: 399 | AN157: 231 | AO157: 62807.5 | AP157: 62091.25 | AQ157: 3632.32 | AR157: 59175.18 | AS157: Adicional bandeira amarela (69,94) e vermelha (3.264,20)
A158: 43405 | B158: 880.153-3 - Agência Nacional de Transportes Aquaviários - ANTAQ | C158: 04.903.587/0001-08 | D158: P. PUBLICO | E158: VERDE | F158: THS-AS | G158: 43437 | H158: 43407 | I158: 53155639 | J158: 0.09 | K158: 0.36 | L158: 0 | O158: 229 | P158: 4242 | Q158: 53231 | R158: 0 | S158: 0 | T158: 0 | U158: 0 | V158: 0 | W158: 229 | X158: 0 | Y158: 0 | Z158: 4242 | AA158: 2.2575607 | AB158: 9576.57 | AC158: 53231 | AD158: 0.5912909 | AE158: 31475 | AF158: 251 | AG158: 15.8359 | AH158: 3974.81 | AI158: 380 | AJ158: 220 | AK158: 353 | AL158: 204 | AM158: 399 | AN158: 231 | AO158: 45742.63 | AP158: 45026.38 | AQ158: 2634.03 | AR158: 43108.6 | AS158: Adicional bandeira amarela (517,24)
A159: 43435 | B159: 880.153-3 - Agência Nacional de Transportes Aquaviários - ANTAQ | C159: 04.903.587/0001-08 | D159: P. PUBLICO | E159: VERDE | F159: THS-AS | G159: 43468 | H159: 43437 | I159: 53155639 | J159: 0.09 | K159: 0.36 | L159: 0 | M159: UMIDO | O159: 258 | P159: 4606 | Q159: 56172 | R159: 0 | S159: 0 | T159: 0 | U159: 0 | V159: 0 | W159: 258 | X159: 0 | Y159: 0 | Z159: 4606 | AA159: 2.2377527 | AB159: 10307.08 | AC159: 56172 | AD159: 0.5768317 | AE159: 32401.79 | AF159: 258 | AG159: 15.785065 | AH159: 4072.54 | AI159: 380 | AJ159: 220 | AK159: 353 | AL159: 204 | AM159: 399 | AN159: 231 | AO159: 47497.66 | AP159: 46781.41 | AQ159: 2736.69 | AR159: 44760.97 | AS159: Sem adicional de bandeira
...

Sheet CEB_Grafico
A1: MÊS | B1: kW Regist. Fponta 2012 | C1: kW Regist. Fponta 2013 | D1: kW Regist. Fponta 2014 | E1: kW Regist. Fponta 2015 | F1: kW Regist. Fponta 2016 | G1: kW Regist. Fponta 2017 | H1: kW Regist. Fponta 2018 | I1: kW Regist. Fponta 2019 | J1: kW Regist. Fponta 2020 | K1: kW Regist. Fponta 2021 | L1: kW Regist. Fponta 2022 | M1: kW Regist. Fponta 2023
A2: Janeiro | B2: =CEB!O76 -> 260 | C2: =CEB!O88 -> 299 | D2: =CEB!O100 -> 237 | E2: =CEB!O112 -> 288 | F2: =CEB!O124 -> 273 | G2: =CEB!O136 -> 289 | H2: =CEB!O148 -> 281 | I2: =CEB!O160 -> 286 | J2: =CEB!O172 -> 268 | K2: =CEB!O184 -> 1 | L2: =CEB!O196 -> 155 | M2: 218
A3: Fevereiro | B3: =CEB!O77 -> 251 | C3: =CEB!O89 -> 265 | D3: =CEB!O101 -> 267 | E3: =CEB!O113 -> 253 | F3: =CEB!O125 -> 309 | G3: =CEB!O137 -> 274 | H3: =CEB!O149 -> 325 | I3: =CEB!O161 -> 278 | J3: =CEB!O173 -> 266 | K3: =CEB!O185 -> 152 | L3: =CEB!O197 -> 138 | M3: 224
A4: Março | B4: =CEB!O78 -> 283 | C4: =CEB!O90 -> 327 | D4: =CEB!O102 -> 265 | E4: =CEB!O114 -> 257 | F4: =CEB!O126 -> 307 | G4: =CEB!O138 -> 303 | H4: =CEB!O150 -> 288 | I4: =CEB!O162 -> 251 | J4: =CEB!O174 -> 230 | K4: =CEB!O186 -> 115 | L4: =CEB!O198 -> 224 | M4: 265
A5: Abril | B5: =CEB!O79 -> 289 | C5: =CEB!O91 -> 302 | D5: =CEB!O103 -> 235 | E5: =CEB!O115 -> 241 | F5: =CEB!O127 -> 289 | G5: =CEB!O139 -> 316 | H5: =CEB!O151 -> 224 | I5: =CEB!O163 -> 230 | J5: =CEB!O175 -> 134 | K5: =CEB!O187 -> 98 | L5: =CEB!O199 -> 216 | M5: 256
A6: Maio | B6: =CEB!O80 -> 258 | C6: =CEB!O92 -> 234 | D6: =CEB!O104 -> 244 | E6: =CEB!O116 -> 198 | F6: =CEB!O128 -> 249 | G6: =CEB!O140 -> 258 | H6: =CEB!O152 -> 233 | I6: =CEB!O164 -> 246 | J6: =CEB!O176 -> 88 | K6: =CEB!O188 -> 102 | L6: =CEB!O200 -> 174 | M6: 220
A7: Junho | B7: =CEB!O81 -> 199 | C7: =CEB!O93 -> 207 | D7: =CEB!O105 -> 234 | E7: =CEB!O117 -> 220 | F7: =CEB!O129 -> 244 | G7: =CEB!O141 -> 244 | H7: =CEB!O153 -> 221 | I7: =CEB!O165 -> 211 | J7: =CEB!O177 -> 133 | K7: =CEB!O189 -> 92 | L7: =CEB!O201 -> 129 | M7: 0
A8: Julho | B8: =CEB!O82 -> 201 | C8: =CEB!O94 -> 186 | D8: =CEB!O106 -> 191 | E8: =CEB!O118 -> 217 | F8: =CEB!O130 -> 214 | G8: =CEB!O142 -> 174 | H8: =CEB!O154 -> 201 | I8: =CEB!O166 -> 181 | J8: =CEB!O178 -> 92 | K8: =CEB!O190 -> 83 | L8: =CEB!O202 -> 114 | M8: 0
A9: Agosto | B9: =CEB!O83 -> 159 | C9: =CEB!O95 -> 199 | D9: =CEB!O107 -> 172 | E9: =CEB!O119 -> 283 | F9: =CEB!O131 -> 249 | G9: =CEB!O143 -> 289 | H9: =CEB!O155 -> 248 | I9: =CEB!O167 -> 261 | J9: =CEB!O179 -> 122 | K9: =CEB!O191 -> 111 | L9: =CEB!O203 -> 181 | M9: 150
A10: Setembro | B10: =CEB!O84 -> 233 | C10: =CEB!O96 -> 203 | D10: =CEB!O108 -> 274 | E10: =CEB!O120 -> 324 | F10: =CEB!O132 -> 307 | G10: =CEB!O144 -> 271 | H10: =CEB!O156 -> 311 | I10: =CEB!O168 -> 306 | J10: =CEB!O180 -> 131 | K10: =CEB!O192 -> 164 | L10: 181 | M10: 0
A11: Outubro | B11: =CEB!O85 -> 278 | C11: =CEB!O97 -> 310 | D11: =CEB!O109 -> 327 | E11: =CEB!O121 -> 360 | F11: =CEB!O133 -> 321 | G11: =CEB!O145 -> 359 | H11: =CEB!O157 -> 289 | I11: =CEB!O169 -> 280 | J11: =CEB!O181 -> 162 | K11: =CEB!O193 -> 149 | L11: 161 | M11: 0
A12: Novembro | B12: =CEB!O86 -> 300 | C12: =CEB!O98 -> 275 | D12: =CEB!O110 -> 321 | E12: =CEB!O122 -> 336 | F12: =CEB!O134 -> 260 | G12: =CEB!O146 -> 271 | H12: =CEB!O158 -> 229 | I12: =CEB!O170 -> 292 | J12: =CEB!O182 -> 149 | K12: =CEB!O194 -> 164 | L12: 161 | M12: 0
A13: Dezembro | B13: =CEB!O87 -> 238 | C13: =CEB!O99 -> 271 | D13: =CEB!O111 -> 230 | E13: =CEB!O123 -> 300 | F13: =CEB!O135 -> 275 | G13: =CEB!O147 -> 262 | H13: =CEB!O159 -> 258 | I13: =CEB!O171 -> 255 | J13: =CEB!O183 -> 152 | K13: =CEB!O195 -> 131 | L13: 161 | M13: 0
A14: MÉDIA | B14: =AVERAGE(B2:B13) -> 245.75 | C14: =AVERAGE(C2:C13) -> 256.5 | D14: =AVERAGE(D2:D13) -> 249.75 | E14: =AVERAGE(E2:E13) -> 273.08333 | F14: =AVERAGE(F2:F13) -> 274.75 | G14: =AVERAGE(G2:G13) -> 275.83333 | H14: =AVERAGE(H2:H13) -> 259 | I14: =AVERAGE(I2:I13) -> 256.41667 | ... M14: =AVERAGE(M2:M13) -> 111.08333
A18: MÊS | B18: Energia kWh Ponta 2012 | C18: Energia kWh Ponta 2013 | D18: Energia kWh Ponta 2014 | E18: Energia kWh Ponta 2015 | F18: Energia kWh Ponta 2016 | G18: Energia kWh Ponta 2017 | H18: Energia kWh Ponta 2018 | I18: Energia kWh Ponta 2019 | J18: Energia kWh Ponta 2020 | K18: Energia kWh Ponta 2021 | L18: Energia kWh Ponta 2022 | M18: Energia kWh Ponta 2023
A19: Janeiro | B19: =CEB!P76 -> 3979 | C19: =CEB!P88 -> 4070 | D19: =CEB!P100 -> 4282 | E19: =CEB!P112 -> 5196 | F19: =CEB!P124 -> 4840 | G19: =CEB!P136 -> 5511 | H19: =CEB!P148 -> 5261 | I19: =CEB!P160 -> 5632 | J19: =CEB!P172 -> 7092 | K19: =CEB!P184 -> 4305 | L19: =CEB!P196 -> 3524 | M19: 4074
A20: Fevereiro | B20: =CEB!P77 -> 4306 | C20: =CEB!P89 -> 3450 | D20: =CEB!P101 -> 4953 | E20: =CEB!P113 -> 4857 | F20: =CEB!P125 -> 5584 | G20: =CEB!P137 -> 4883 | H20: =CEB!P149 -> 5156 | I20: =CEB!P161 -> 5420 | J20: =CEB!P173 -> 6903 | K20: =CEB!P185 -> 3258 | L20: =CEB!P197 -> 3789 | M20: 4104
A21: Março | B21: =CEB!P78 -> 4251 | C21: =CEB!P90 -> 4655 | D21: =CEB!P102 -> 5661 | E21: =CEB!P114 -> 6452 | F21: =CEB!P126 -> 7093 | G21: =CEB!P138 -> 7091 | H21: =CEB!P150 -> 6656 | I21: =CEB!P162 -> 6566 | J21: =CEB!P174 -> 5927 | K21: =CEB!P186 -> 3908 | L21: =CEB!P198 -> 5321 | M21: 0
A22: Abril | B22: =CEB!P79 -> 6176 | C22: =CEB!P91 -> 6954 | D22: =CEB!P103 -> 6794 | E22: =CEB!P115 -> 5225 | F22: =CEB!P127 -> 6437 | G22: =CEB!P139 -> 6768 | H22: =CEB!P151 -> 6070 | I22: =CEB!P163 -> 6263 | J22: =CEB!P175 -> 2904 | K22: =CEB!P187 -> 3016 | L22: =CEB!P199 -> 4672 | M22: 0
A23: Maio | B23: =CEB!P80 -> 5367 | C23: =CEB!P92 -> 5789 | D23: =CEB!P104 -> 5437 | E23: =CEB!P116 -> 5822 | F23: =CEB!P128 -> 6311 | G23: =CEB!P140 -> 7569 | H23: =CEB!P152 -> 5882 | I23: =CEB!P164 -> 6889 | J23: =CEB!P176 -> 3233 | K23: =CEB!P188 -> 3204 | L23: =CEB!P200 -> 4520 | M23: 0
A24: Junho | B24: =CEB!P81 -> 4014 | C24: =CEB!P93 -> 5565 | D24: =CEB!P105 -> 6281 | E24: =CEB!P117 -> 5454 | F24: =CEB!P129 -> 6311 | G24: =CEB!P141 -> 5460 | H24: =CEB!P153 -> 5705 | I24: =CEB!P165 -> 5637 | J24: =CEB!P177 -> 3117 | K24: =CEB!P189 -> 3187 | L24: =CEB!P201 -> 3838 | M24: 0
A25: Julho | B25: =CEB!P82 -> 4244 | C25: =CEB!P94 -> 5706 | D25: =CEB!P106 -> 4984 | E25: =CEB!P118 -> 5561 | F25: =CEB!P130 -> 5687 | G25: =CEB!P142 -> 5673 | H25: =CEB!P154 -> 6074 | I25: =CEB!P166 -> 5927 | J25: =CEB!P178 -> 3024 | K25: =CEB!P190 -> 3183 | L25: =CEB!P202 -> 3632 | M25: 0
A26: Agosto | B26: =CEB!P83 -> 4181 | C26: =CEB!P95 -> 5618 | D26: =CEB!P107 -> 5181 | E26: =CEB!P119 -> 7545 | F26: =CEB!P131 -> 6643 | G26: =CEB!P143 -> 7276 | H26: =CEB!P155 -> 6584 | I26: =CEB!P167 -> 6325 | J26: =CEB!P179 -> 3636 | K26: =CEB!P191 -> 3614 | L26: =CEB!P203 -> 3771 | M26: 5462
A27: Setembro | B27: =CEB!P84 -> 4304 | C27: =CEB!P96 -> 6254 | D27: =CEB!P108 -> 6928 | E27: =CEB!P120 -> 8671 | F27: =CEB!P132 -> 6309 | G27: =CEB!P144 -> 6798 | H27: =CEB!P156 -> 7536 | I27: =CEB!P168 -> 8259 | J27: =CEB!P180 -> 3886 | K27: =CEB!P192 -> 4603 | L27: 3771 | M27: 1820
A28: Outubro | B28: =CEB!P85 -> 5466 | C28: =CEB!P97 -> 6782 | D28: =CEB!P109 -> 7747 | E28: =CEB!P121 -> 7227 | F28: =CEB!P133 -> 5759 | G28: =CEB!P145 -> 6349 | H28: =CEB!P157 -> 7371 | I28: =CEB!P169 -> 7722 | J28: =CEB!P181 -> 3652 | K28: =CEB!P193 -> 3870 | L28: 4064 | M28: 6858
A29: Novembro | B29: =CEB!P86 -> 4497 | C29: =CEB!P98 -> 5684 | D29: =CEB!P110 -> 6513 | E29: =CEB!P122 -> 6625 | F29: =CEB!P134 -> 4951 | G29: =CEB!P146 -> 4484 | H29: =CEB!P158 -> 4242 | I29: =CEB!P170 -> 6682 | J29: =CEB!P182 -> 4161 | K29: =CEB!P194 -> 3520 | L29: 4019 | M29: 6730
A30: Dezembro | B30: =CEB!P87 -> 3440 | C30: =CEB!P99 -> 4807 | D30: =CEB!P111 -> 4935 | E30: =CEB!P123 -> 5242 | F30: =CEB!P135 -> 4588 | G30: =CEB!P147 -> 4303 | H30: =CEB!P159 -> 4606 | I30: =CEB!P171 -> 6202 | J30: =CEB!P183 -> 3774 | K30: =CEB!P195 -> 3715 | L30: 4032 | M30: 5841
A31: MÉDIA | B31: =AVERAGE(B19:B30) -> 4518.75 | C31: =AVERAGE(C19:C30) -> 5444.5 | D31: =AVERAGE(D19:D30) -> 5808 | E31: =AVERAGE(E19:E30) -> 6156.4167 | F31: =AVERAGE(F19:F30) -> 5876.0833 | G31: =AVERAGE(G19:G30) -> 6013.75 | H31: =AVERAGE(H19:H30) -> 5928.5833 | I31: =AVERAGE(I19:I30) -> 6460.3333 | ... M31: =AVERAGE(M19:M30) -> 2907.4167
A35: MÊS | B35: Energia kWh Fora de Ponta 2012 | C35: Energia kWh Fora de Ponta 2013 | D35: Energia kWh Fora de Ponta 2014 | E35: Energia kWh Fora de Ponta 2015 | F35: Energia kWh Fora de Ponta 2016 | G35: Energia kWh Fora de Ponta 2017 | H35: Energia kWh Fora de Ponta 2018 | I35: Energia kWh Fora de Ponta 2019 | J35: Energia kWh Fora de Ponta 2020 | K35: Energia kWh Fora de Ponta 2021 | L35: Energia kWh Fora de Ponta 2022 | M35: Energia kWh Fora de Ponta 2023
A36: Janeiro | B36: =CEB!Q76 -> 51928 | C36: =CEB!Q88 -> 53921 | D36: =CEB!Q100 -> 53117 | E36: =CEB!Q112 -> 62756 | F36: =CEB!Q124 -> 59515 | G36: =CEB!Q136 -> 69064 | H36: =CEB!Q148 -> 66603 | I36: =CEB!Q160 -> 67570 | J36: =CEB!Q172 -> 55305 | K36: =CEB!Q184 -> 39137 | L36: =CEB!Q196 -> 36422 | M36: 38494
A37: Fevereiro | B37: =CEB!Q77 -> 51894 | C37: =CEB!Q89 -> 47378 | D37: =CEB!Q101 -> 60861 | E37: =CEB!Q113 -> 50125 | F37: =CEB!Q125 -> 64662 | G37: =CEB!Q137 -> 53468 | H37: =CEB!Q149 -> 54131 | I37: =CEB!Q161 -> 56610 | J37: =CEB!Q173 -> 51486 | K37: =CEB!Q185 -> 28473 | L37: =CEB!Q197 -> 33066 | M37: 38711
A38: Março | B38: =CEB!Q78 -> 48870 | C38: =CEB!Q90 -> 52121 | D38: =CEB!Q102 -> 56417 | E38: =CEB!Q114 -> 56301 | F38: =CEB!Q126 -> 68758 | G38: =CEB!Q138 -> 69538 | H38: =CEB!Q150 -> 62303 | I38: =CEB!Q162 -> 55458 | J38: =CEB!Q174 -> 47083 | K38: =CEB!Q186 -> 33909 | L38: =CEB!Q198 -> 48278 | M38: 58489
A39: Abril | B39: =CEB!Q79 -> 53894 | C39: =CEB!Q91 -> 65755 | D39: =CEB!Q103 -> 56748 | E39: =CEB!Q115 -> 50987 | F39: =CEB!Q127 -> 65263 | G39: =CEB!Q139 -> 66134 | H39: =CEB!Q151 -> 52689 | I39: =CEB!Q163 -> 53594 | J39: =CEB!Q175 -> 32116 | K39: =CEB!Q187 -> 29412 | L39: =CEB!Q199 -> 47419 | M39: 64112
A40: Maio | B40: =CEB!Q80 -> 49653 | C40: =CEB!Q92 -> 52940 | D40: =CEB!Q104 -> 53347 | E40: =CEB!Q116 -> 49617 | F40: =CEB!Q128 -> 61688 | G40: =CEB!Q140 -> 66247 | H40: =CEB!Q152 -> 53189 | I40: =CEB!Q164 -> 55579 | J40: =CEB!Q176 -> 30265 | K40: =CEB!Q188 -> 29713 | L40: =CEB!Q200 -> 42749 | M40: 54046
A41: Junho | B41: =CEB!Q81 -> 40678 | C41: =CEB!Q93 -> 51874 | D41: =CEB!Q105 -> 51230 | E41: =CEB!Q117 -> 44887 | F41: =CEB!Q129 -> 61688 | G41: =CEB!Q141 -> 51998 | H41: =CEB!Q153 -> 49141 | I41: =CEB!Q165 -> 46376 | J41: =CEB!Q177 -> 29530 | K41: =CEB!Q189 -> 28609 | L41: =CEB!Q201 -> 34935 | M41: 43467
A42: Julho | B42: =CEB!Q82 -> 41932 | C42: =CEB!Q94 -> 49197 | D42: =CEB!Q106 -> 41335 | E42: =CEB!Q118 -> 47226 | F42: =CEB!Q130 -> 52461 | G42: =CEB!Q142 -> 46523 | H42: =CEB!Q154 -> 48230 | I42: =CEB!Q166 -> 45868 | J42: =CEB!Q178 -> 28725 | K42: =CEB!Q190 -> 27612 | L42: =CEB!Q202 -> 35495 | M42: 44178
A43: Agosto | B43: =CEB!Q83 -> 40030 | C43: =CEB!Q95 -> 48186 | D43: =CEB!Q107 -> 42998 | E43: =CEB!Q119 -> 60692 | F43: =CEB!Q131 -> 60635 | G43: =CEB!Q143 -> 61170 | H43: =CEB!Q155 -> 56207 | I43: =CEB!Q167 -> 50895 | J43: =CEB!Q179 -> 32086 | K43: =CEB!Q191 -> 30849 | L43: =CEB!Q203 -> 32793 | M43: 45257
A44: Setembro | B44: =CEB!Q84 -> 40531 | C44: =CEB!Q96 -> 53402 | D44: =CEB!Q108 -> 54971 | E44: =CEB!Q120 -> 70653 | F44: =CEB!Q132 -> 63225 | G44: =CEB!Q144 -> 60035 | H44: =CEB!Q156 -> 64514 | I44: =CEB!Q168 -> 65533 | J44: =CEB!Q180 -> 35811 | K44: =CEB!Q192 -> 38841 | L44: 32793 | M44: 64370
A45: Outubro | B45: =CEB!Q85 -> 55711 | C45: =CEB!Q97 -> 59346 | D45: =CEB!Q109 -> 67676 | E45: =CEB!Q121 -> 74454 | F45: =CEB!Q133 -> 65156 | G45: =CEB!Q145 -> 72219 | H45: =CEB!Q157 -> 64908 | I45: =CEB!Q169 -> 65692 | J45: =CEB!Q181 -> 37199 | K45: =CEB!Q193 -> 38558 | L45: 38333 | M45: 66459
A46: Novembro | B46: =CEB!Q86 -> 55447 | C46: =CEB!Q98 -> 59293 | D46: =CEB!Q110 -> 67095 | E46: =CEB!Q122 -> 77195 | F46: =CEB!Q134 -> 59640 | G46: =CEB!Q146 -> 58783 | H46: =CEB!Q158 -> 53231 | I46: =CEB!Q170 -> 56535 | J46: =CEB!Q182 -> 35495 | K46: =CEB!Q194 -> 35552 | L46: 38290 | M46: 66195
A47: Dezembro | B47: =CEB!Q87 -> 47239 | C47: =CEB!Q99 -> 59094 | D47: =CEB!Q111 -> 58675 | E47: =CEB!Q123 -> 63887 | F47: =CEB!Q135 -> 60888 | G47: =CEB!Q147 -> 58279 | H47: =CEB!Q159 -> 56172 | I47: =CEB!Q171 -> 54825 | J47: =CEB!Q183 -> 33447 | K47: =CEB!Q195 -> 35890 | L47: 38268 | M47: 59767
A48: MÉDIA | B48: =AVERAGE(B36:B47) -> 48150.583 | C48: =AVERAGE(C36:C47) -> 54375.583 | D48: =AVERAGE(D36:D47) -> 55372.5 | E48: =AVERAGE(E36:E47) -> 59065 | F48: =AVERAGE(F36:F47) -> 61964.917 | G48: =AVERAGE(G36:G47) -> 61121.5 | H48: =AVERAGE(H36:H47) -> 56776.5 | I48: =AVERAGE(I36:I47) -> 56211.25 | ... M48: =AVERAGE(M36:M47) -> 53628.75
A52: MÊS | B52: Custo Ponta 2012 | C52: Custo Ponta 2013 | D52: Custo Ponta 2014 | E52: Custo Ponta 2015 | F52: Custo Ponta 2016 | G52: Custo Ponta 2017 | H52: Custo Ponta 2018 | I52: Custo Ponta 2019 | J52: Custo Ponta 2020 | K52: Custo Ponta 2021 | L52: Custo Ponta 2022 | M52: Custo Ponta 2023
A53: Janeiro | B53: =CEB!AA76 -> 1.2406681 | C53: =CEB!AA88 -> 1.2960151 | D53: =CEB!AA100 -> 1.0871951 | E53: =CEB!AA112 -> 1.4944511 | F53: =CEB!AA124 -> 1.6355922 | G53: =CEB!AA136 -> 1.9914031 | H53: =CEB!AA148 -> 2.0387023 | I53: =CEB!AA160 -> 2.287885 | J53: =CEB!AA172 -> 2.2653131 | K53: =CEB!AA184 -> 2.2959894 | L53: =CEB!AA196 -> 2.6204944 | M53: 2.4730172
A54: Fevereiro | B54: =CEB!AA77 -> 1.2380163 | C54: =CEB!AA89 -> 1.2104553 | D54: =CEB!AA101 -> 1.0597649 | E54: =CEB!AA113 -> 1.2858826 | F54: =CEB!AA125 -> 1.5958292 | G54: =CEB!AA137 -> 2.0098083 | H54: =CEB!AA149 -> 2.073023 | I54: =CEB!AA161 -> 2.299039 | J54: =CEB!AA173 -> 2.2486411 | K54: =CEB!AA185 -> 2.3307244 | L54: =CEB!AA197 -> 2.5669282 | M54: 0
A55: Março | B55: =CEB!AA78 -> 1.233797 | C55: =CEB!AA90 -> 1.0878443 | D55: =CEB!AA102 -> 1.0928825 | E55: =CEB!AA114 -> 1.4164016 | F55: =CEB!AA126 -> 1.5802007 | G55: =CEB!AA138 -> 2.0265754 | H55: =CEB!AA150 -> 2.0523494 | I55: =CEB!AA162 -> 2.2954186 | J55: =CEB!AA174 -> 2.2433 | K55: =CEB!AA186 -> 2.3132267 | L55: =CEB!AA198 -> 2.688868 | M55: 0
A56: Abril | B56: =CEB!AA79 -> 1.2353759 | C56: =CEB!AA91 -> 1.0610007 | D56: =CEB!AA103 -> 1.1003047 | E56: =CEB!AA115 -> 1.4242738 | F56: =CEB!AA127 -> 1.594133 | G56: =CEB!AA139 -> 2.0074748 | H56: =CEB!AA151 -> 2.0853376 | I56: =CEB!AA163 -> 2.2811742 | J56: =CEB!AA175 -> 2.2461246 | K56: =CEB!AA187 -> 2.2827299 | L56: =CEB!AA199 -> 2.4869623 | M56: 0
A57: Maio | B57: =CEB!AA80 -> 1.2684605 | C57: =CEB!AA92 -> 1.0698497 | D57: =CEB!AA104 -> 1.1018318 | E57: =CEB!AA116 -> 1.4510899 | F57: =CEB!AA128 -> 1.5503555 | G57: =CEB!AA140 -> 2.0548662 | H57: =CEB!AA152 -> 2.0947647 | I57: =CEB!AA164 -> 2.292269 | J57: =CEB!AA176 -> 2.2483263 | K57: =CEB!AA188 -> 2.34599 | L57: =CEB!AA200 -> 2.3892534 | M57: 0
A58: Junho | B58: =CEB!AA81 -> 1.2821155 | C58: =CEB!AA93 -> 1.0621721 | D58: =CEB!AA105 -> 1.0811247 | E58: =CEB!AA117 -> 1.4866568 | F58: =CEB!AA129 -> 1.5442032 | G58: =CEB!AA141 -> 1.9708202 | H58: =CEB!AA153 -> 2.2329103 | I58: =CEB!AA165 -> 2.2792926 | J58: =CEB!AA177 -> 2.2330039 | K58: =CEB!AA189 -> 2.412716 | L58: =CEB!AA201 -> 2.1739864 | M58: 0
A59: Julho | B59: =CEB!AA82 -> 1.2648681 | C59: =CEB!AA94 -> 1.072085 | D59: =CEB!AA106 -> 1.1064389 | E59: =CEB!AA118 -> 1.4402836 | F59: =CEB!AA130 -> 1.4796168 | G59: =CEB!AA142 -> 2.0375431 | H59: =CEB!AA154 -> 2.2187267 | I59: =CEB!AA166 -> 2.2869608 | J59: =CEB!AA178 -> 2.2274276 | K59: =CEB!AA190 -> 2.5707914 | L59: =CEB!AA202 -> 2.1891797 | M59: 0
A60: Agosto | B60: =CEB!AA83 -> 1.2672009 | C60: =CEB!AA95 -> 1.0572113 | D60: =CEB!AA107 -> 1.099695 | E60: =CEB!AA119 -> 1.4918799 | F60: =CEB!AA131 -> 1.5431098 | G60: =CEB!AA143 -> 2.0085152 | H60: =CEB!AA155 -> 2.2488299 | I60: =CEB!AA167 -> 2.326373 | J60: =CEB!AA179 -> 2.2243415 | K60: =CEB!AA191 -> 2.5504712 | L60: =CEB!AA203 -> 2.1670039 | M60: 2.4660875
A61: Setembro | B61: =CEB!AA84 -> 1.2768547 | C61: =CEB!AA96 -> 1.0984215 | D61: =CEB!AA108 -> 1.1373527 | E61: =CEB!AA120 -> 1.6176074 | F61: =CEB!AA132 -> 1.546395 | G61: =CEB!AA144 -> 2.033643 | H61: =CEB!AA156 -> 2.2235863 | I61: =CEB!AA168 -> 2.3039171 | J61: =CEB!AA180 -> 2.215135 | K61: =CEB!AA192 -> 2.474874 | L61: 2.1670039 | M61: 2.512478
A62: Outubro | B62: =CEB!AA85 -> 1.2954641 | C62: =CEB!AA97 -> 1.0980219 | D62: =CEB!AA109 -> 1.2295574 | E62: =CEB!AA121 -> 1.59914 | F62: =CEB!AA133 -> 1.7287526 | G62: =CEB!AA145 -> 2.0112011 | H62: =CEB!AA157 -> 2.2615715 | I62: =CEB!AA169 -> 2.2937528 | J62: =CEB!AA181 -> 2.269442 | K62: =CEB!AA193 -> 2.5746662 | L62: 2.2389148 | M62: 2.5552945
A63: Novembro | B63: =CEB!AA86 -> 1.3032223 | C63: =CEB!AA98 -> 1.1927131 | D63: =CEB!AA110 -> 1.2324911 | E63: =CEB!AA122 -> 1.6185304 | F63: =CEB!AA134 -> 2.0231294 | G63: =CEB!AA146 -> 2.1001352 | H63: =CEB!AA158 -> 2.2575607 | I63: =CEB!AA170 -> 2.326908 | J63: =CEB!AA182 -> 2.3571968 | K63: =CEB!AA194 -> 2.6949825 | L63: 2.3117945 | M63: 2.7843789
A64: Dezembro | B64: =CEB!AA87 -> 1.296199 | C64: =CEB!AA99 -> 1.1201777 | D64: =CEB!AA111 -> 1.2347314 | E64: =CEB!AA123 -> 1.6294555 | F64: =CEB!AA135 -> 2.0033192 | G64: =CEB!AA147 -> 2.0670583 | H64: =CEB!AA159 -> 2.2377527 | I64: =CEB!AA171 -> 2.3104216 | J64: =CEB!AA183 -> 2.3648928 | K64: =CEB!AA195 -> 2.6949825 | L64: 2.63052 | M64: 2.7124311
A65: MÉDIA | B65: =AVERAGE(B53:B64) -> 1.2668535 | C65: =AVERAGE(C53:C64) -> 1.1188306 | D65: =AVERAGE(D53:D64) -> 1.1302808 | E65: =AVERAGE(E53:E64) -> 1.4963044 | F65: =AVERAGE(F53:F64) -> 1.6520531 | G65: =AVERAGE(G53:G64) -> 2.026587 | H65: =AVERAGE(H53:H64) -> 2.1687596 | I65: =AVERAGE(I53:I64) -> 2.2986176 | ... M65: =AVERAGE(M53:M64) -> 1.2919739
A69: MÊS | B69: Custo Fora de Ponta 2012 | C69: Custo Fora de Ponta 2013 | D69: Custo Fora de Ponta 2014 | E69: Custo Fora de Ponta 2015 | F69: Custo Fora de Ponta 2016 | G69: Custo Fora de Ponta 2017 | H69: Custo Fora de Ponta 2018 | I69: Custo Fora de Ponta 2019 | J69: Custo Fora de Ponta 2020 | K69: Custo Fora de Ponta 2021 | L69: Custo Fora de Ponta 2022 | M69: Custo Fora de Ponta 2023
A70: Janeiro | B70: =CEB!AD76 -> 0.2148363 | C70: =CEB!AD88 -> 0.2747162 | D70: =CEB!AD100 -> 0.2299231 | E70: =CEB!AD112 -> 0.3891777 | F70: =CEB!AD124 -> 0.5404131 | G70: =CEB!AD136 -> 0.469565 | H70: =CEB!AD148 -> 0.4577825 | I70: =CEB!AD160 -> 0.5897543 | J70: =CEB!AD172 -> 0.5297019 | K70: =CEB!AD184 -> 0.4839993 | L70: =CEB!AD196 -> 0.768007 | M70: 0.6753542
A71: Fevereiro | B71: =CEB!AD77 -> 0.2143771 | C71: =CEB!AD89 -> 0.2523739 | D71: =CEB!AD101 -> 0.2241222 | E71: =CEB!AD113 -> 0.3407629 | F71: =CEB!AD125 -> 0.5128434 | G71: =CEB!AD137 -> 0.4762419 | H71: =CEB!AD149 -> 0.465489 | I71: =CEB!AD161 -> 0.5926295 | J71: =CEB!AD173 -> 0.512787 | K71: =CEB!AD185 -> 0.4913215 | L71: =CEB!AD197 -> 0.7523079 | M71: 0.6722637
A72: Março | B72: =CEB!AD78 -> 0.2136466 | C72: =CEB!AD90 -> 0.219703 | D72: =CEB!AD102 -> 0.2311259 | E72: =CEB!AD114 -> 0.450601 | F72: =CEB!AD126 -> 0.4933365 | G72: =CEB!AD138 -> 0.4978089 | H72: =CEB!AD150 -> 0.4608469 | I72: =CEB!AD162 -> 0.5916963 | J72: =CEB!AD174 -> 0.511569 | K72: =CEB!AD186 -> 0.487633 | L72: =CEB!AD198 -> 0.7880458 | M72: 0.6548661
A73: Abril | B73: =CEB!AD79 -> 0.2139199 | C73: =CEB!AD91 -> 0.2142817 | D73: =CEB!AD103 -> 0.2326957 | E73: =CEB!AD115 -> 0.4531053 | F73: =CEB!AD127 -> 0.4840525 | G73: =CEB!AD139 -> 0.4789259 | H73: =CEB!AD151 -> 0.4693299 | I73: =CEB!AD163 -> 0.5890799 | J73: =CEB!AD175 -> 0.512213 | K73: =CEB!AD187 -> 0.482205 | L73: =CEB!AD199 -> 0.6557329 | M73: 0.6714103
A74: Maio | B74: =CEB!AD80 -> 0.2337545 | C74: =CEB!AD92 -> 0.2160689 | D74: =CEB!AD104 -> 0.2330186 | E74: =CEB!AD116 -> 0.4616363 | F74: =CEB!AD128 -> 0.4707597 | G74: =CEB!AD140 -> 0.5084999 | H74: =CEB!AD152 -> 0.4852318 | I74: =CEB!AD164 -> 0.6004153 | J74: =CEB!AD176 -> 0.5127151 | K74: =CEB!AD188 -> 0.5256143 | L74: =CEB!AD200 -> 0.5635111 | M74: 0.674751
A75: Junho | B75: =CEB!AD81 -> 0.2362709 | C75: =CEB!AD93 -> 0.2145182 | D75: =CEB!AD105 -> 0.2286394 | E75: =CEB!AD117 -> 0.4729513 | F75: =CEB!AD129 -> 0.4688915 | G75: =CEB!AD141 -> 0.4611687 | H75: =CEB!AD153 -> 0.5696255 | I75: =CEB!AD165 -> 0.5891207 | J75: =CEB!AD177 -> 0.509221 | K75: =CEB!AD189 -> 0.5621142 | L75: =CEB!AD201 -> 0.5127399 | M75: 0.6819725
A76: Julho | B76: =CEB!AD82 -> 0.2330925 | C76: =CEB!AD94 -> 0.2165202 | D76: =CEB!AD106 -> 0.2339929 | E76: =CEB!AD118 -> 0.4581986 | F76: =CEB!AD130 -> 0.4492508 | G76: =CEB!AD142 -> 0.4976033 | H76: =CEB!AD154 -> 0.5837589 | I76: =CEB!AD166 -> 0.6077595 | J76: =CEB!AD178 -> 0.5079494 | K76: =CEB!AD190 -> 0.6350121 | L76: =CEB!AD202 -> 0.5163233 | M76: 0.6655797
A77: Agosto | B77: =CEB!AD83 -> 0.2335223 | C77: =CEB!AD95 -> 0.2135163 | D77: =CEB!AD107 -> 0.2325667 | E77: =CEB!AD119 -> 0.4825685 | F77: =CEB!AD131 -> 0.4685595 | G77: =CEB!AD143 -> 0.4990758 | H77: =CEB!AD155 -> 0.5916793 | I77: =CEB!AD167 -> 0.6417043 | J77: =CEB!AD179 -> 0.5072455 | K77: =CEB!AD191 -> 0.6316335 | L77: =CEB!AD203 -> 0.5110931 | M77: 0.673462
A78: Setembro | B78: =CEB!AD84 -> 0.2468834 | C78: =CEB!AD96 -> 0.2252839 | D78: =CEB!AD108 -> 0.2499069 | E78: =CEB!AD120 -> 0.5358567 | F78: =CEB!AD132 -> 0.469557 | G78: =CEB!AD144 -> 0.4972261 | H78: =CEB!AD156 -> 0.5850375 | I78: =CEB!AD168 -> 0.6329681 | J78: =CEB!AD180 -> 0.5051461 | K78: =CEB!AD192 -> 0.6594406 | L78: 0.5110931 | M78: 0.686131
A79: Outubro | B79: =CEB!AD85 -> 0.2745994 | C79: =CEB!AD97 -> 0.2322129 | D79: =CEB!AD109 -> 0.2893065 | E79: =CEB!AD121 -> 0.5297391 | F79: =CEB!AD133 -> 0.4698391 | G79: =CEB!AD145 -> 0.49926333 | H79: =CEB!AD157 -> 0.6075166 | I79: =CEB!AD169 -> 0.5812422 | J79: =CEB!AD181 -> 0.4955631 | K79: =CEB!AD193 -> 0.7109721 | L79: 0.5280534 | M79: 0.6777287
A80: Novembro | B80: =CEB!AD86 -> 0.2762439 | C80: =CEB!AD98 -> 0.2522385 | D80: =CEB!AD110 -> 0.2899929 | E80: =CEB!AD122 -> 0.5361625 | F80: =CEB!AD134 -> 0.4917485 | G80: =CEB!AD146 -> 0.5219993 | H80: =CEB!AD158 -> 0.5912909 | I80: =CEB!AD170 -> 0.5716327 | J80: =CEB!AD182 -> 0.4887559 | K80: =CEB!AD194 -> 0.7898378 | L80: 0.5452423 | M80: 0.7315605
A81: Dezembro | B81: =CEB!AD87 -> 0.2747553 | C81: =CEB!AD99 -> 0.2368985 | D81: =CEB!AD111 -> 0.2905199 | E81: =CEB!AD123 -> 0.5397815 | F81: =CEB!AD135 -> 0.4723749 | G81: =CEB!AD147 -> 0.4925485 | H81: =CEB!AD159 -> 0.5768317 | I81: =CEB!AD171 -> 0.5433845 | J81: =CEB!AD183 -> 0.5492129 | K81: =CEB!AD195 -> 0.7898378 | L81: 0.7153997 | M81: 0.7126572
A82: MÉDIA | B82: =AVERAGE(B70:B81) -> 0.23882518 | C82: =AVERAGE(C70:C81) -> 0.23069435 | D82: =AVERAGE(D70:D81) -> 0.24715089 | E82: =AVERAGE(E70:E81) -> 0.47087845 | F82: =AVERAGE(F70:F81) -> 0.48263554 | G82: =AVERAGE(G70:G81) -> 0.49166055 | H82: =AVERAGE(H70:H81) -> 0.53703504 | I82: =AVERAGE(I70:I81) -> 0.59428227 | ... M82: =AVERAGE(M70:M81) -> 0.68147808
A85: MÊS | B85: Custo Demanda kW 2012 | C85: Custo Demanda kW 2013 | D85: Custo Demanda kW 2014 | E85: Custo Demanda kW 2015 | F85: Custo Demanda kW 2016 | G85: Custo Demanda kW 2017 | H85: Custo Demanda kW 2018 | I85: Custo Demanda kW 2019 | J85: Custo Demanda kW 2020 | K85: Custo Demanda kW 2021 | L85: Custo Demanda kW 2022 | M85: Custo Demanda kW 2023
A86: Janeiro | B86: =CEB!AG76 -> 14.251034 | C86: =CEB!AG88 -> 13.542256 | D86: =CEB!AG100 -> 11.216104 | E86: =CEB!AG112 -> 12.242625 | F86: =CEB!AG124 -> 13.98672 | G86: =CEB!AG136 -> 10.933294 | H86: =CEB!AG148 -> 16.677974 | I86: =CEB!AG160 -> 16.138697 | J86: =CEB!AG172 -> 17.140455 | K86: =CEB!AG184 -> 21.677277 | L86: =CEB!AG196 -> 15.823658 | M86: 15.898351
A87: Fevereiro | B87: =CEB!AG77 -> 14.220575 | C87: =CEB!AG89 -> 12.674338 | D87: =CEB!AG101 -> 10.933119 | E87: =CEB!AG113 -> 12.309287 | F87: =CEB!AG125 -> 13.831 | G87: =CEB!AG137 -> 11.017553 | H87: =CEB!AG149 -> 16.958739 | I87: =CEB!AG161 -> 16.217377 | J87: =CEB!AG173 -> 17.142855 | K87: =CEB!AG185 -> 22.005224 | L87: =CEB!AG197 -> 15.500202 | M87: 15.825599
A88: Março | B88: =CEB!AG78 -> 14.172109 | C88: =CEB!AG90 -> 11.434628 | D88: =CEB!AG102 -> 11.274778 | E88: =CEB!AG114 -> 12.491363 | F88: =CEB!AG126 -> 13.880532 | G88: =CEB!AG138 -> 10.98307 | H88: =CEB!AG150 -> 16.789616 | I88: =CEB!AG162 -> 16.191839 | J88: =CEB!AG174 -> 17.102137 | K88: =CEB!AG186 -> 21.840021 | L88: =CEB!AG198 -> 16.236527 | M88: 15.416046
A89: Abril | B89: =CEB!AG79 -> 14.190245 | C89: =CEB!AG91 -> 11.152467 | D89: =CEB!AG103 -> 11.351351 | E89: =CEB!AG115 -> 12.560788 | F89: =CEB!AG127 -> 14.177029 | G89: =CEB!AG139 -> 10.981507 | H89: =CEB!AG151 -> 17.048133 | I89: =CEB!AG163 -> 16.081329 | J89: =CEB!AG175 -> 17.12367 | K89: =CEB!AG187 -> 21.540117 | L89: =CEB!AG199 -> 15.642075 | M89: 15.805507
A90: Maio | B90: =CEB!AG80 -> 14.172109 | C90: =CEB!AG92 -> 11.245481 | D90: =CEB!AG104 -> 11.367105 | E90: =CEB!AG116 -> 12.797282 | F90: =CEB!AG128 -> 13.787705 | G90: =CEB!AG140 -> 11.109511 | H90: =CEB!AG152 -> 16.979827 | I90: =CEB!AG164 -> 16.079043 | J90: =CEB!AG176 -> 17.140455 | K90: =CEB!AG188 -> 21.777595 | L90: =CEB!AG200 -> 15.595205 | M90: 15.884152
A91: Junho | B91: =CEB!AG81 -> 14.324673 | C91: =CEB!AG93 -> 11.16478 | D91: =CEB!AG105 -> 11.153479 | E91: =CEB!AG117 -> 13.110949 | F91: =CEB!AG129 -> 13.732992 | G91: =CEB!AG141 -> 10.845742 | H91: =CEB!AG153 -> 17.322411 | I91: =CEB!AG165 -> 16.063059 | J91: =CEB!AG177 -> 17.023643 | K91: =CEB!AG189 -> 22.139199 | L91: =CEB!AG201 -> 14.190108 | M91: 16.054143
A92: Julho | B92: =CEB!AG82 -> 14.131972 | C92: =CEB!AG94 -> 11.268978 | D92: =CEB!AG106 -> 11.414633 | E92: =CEB!AG118 -> 12.701981 | F92: =CEB!AG130 -> 13.158609 | G92: =CEB!AG142 -> 11.063341 | H92: =CEB!AG154 -> 16.705367 | I92: =CEB!AG166 -> 15.958797 | J92: =CEB!AG178 -> 16.981131 | K92: =CEB!AG190 -> 23.158197 | L92: =CEB!AG202 -> 14.289278 | M92: 15.668247
A93: Agosto | B93: =CEB!AG83 -> 14.158036 | C93: =CEB!AG95 -> 11.112636 | D93: =CEB!AG107 -> 11.345061 | E93: =CEB!AG119 -> 13.003676 | F93: =CEB!AG131 -> 13.723267 | G93: =CEB!AG143 -> 10.844219 | H93: =CEB!AG155 -> 16.932022 | I93: =CEB!AG167 -> 16.010758 | J93: =CEB!AG179 -> 16.957604 | K93: =CEB!AG191 -> 22.955521 | L93: =CEB!AG203 -> 14.144531 | M93: 15.853785
A94: Setembro | B94: =CEB!AG84 -> 13.963237 | C94: =CEB!AG96 -> 11.475356 | D94: =CEB!AG108 -> 11.595152 | E94: =CEB!AG120 -> 13.815225 | F94: =CEB!AG132 -> 13.752483 | G94: =CEB!AG144 -> 11.038032 | H94: =CEB!AG156 -> 19.988283 | I94: =CEB!AG168 -> 15.880369 | J94: =CEB!AG180 -> 16.887417 | K94: =CEB!AG192 -> 21.718472 | L94: 14.144531 | M94: 16.152022
A95: Outubro | B95: =CEB!AG85 -> 13.536498 | C95: =CEB!AG97 -> 11.327799 | D95: =CEB!AG109 -> 12.252853 | E95: =CEB!AG121 -> 13.657504 | F95: =CEB!AG133 -> 12.521359 | G95: =CEB!AG145 -> 13.09663 | H95: =CEB!AG157 -> 18.313547 | I95: =CEB!AG169 -> 16.548796 | J95: =CEB!AG181 -> 19.067701 | K95: =CEB!AG193 -> 20.029912 | L95: 14.61391 | M95: 16.818066
A96: Novembro | B96: =CEB!AG86 -> 13.617566 | C96: =CEB!AG98 -> 12.304686 | D96: =CEB!AG110 -> 12.281925 | E96: =CEB!AG122 -> 13.823109 | F96: =CEB!AG134 -> 11.001852 | G96: =CEB!AG146 -> 16.648604 | H96: =CEB!AG158 -> 15.8359 | I96: =CEB!AG170 -> 17.334653 | J96: =CEB!AG182 -> 22.352612 | K96: =CEB!AG194 -> 16.273449 | L96: 15.089613 | M96: 19.015861
A97: Dezembro | B97: =CEB!AG87 -> 13.544418 | C97: =CEB!AG99 -> 11.55637 | D97: =CEB!AG111 -> 12.30425 | E97: =CEB!AG123 -> 13.916415 | F97: =CEB!AG135 -> 10.998717 | G97: =CEB!AG147 -> 16.610351 | H97: =CEB!AG159 -> 15.785065 | I97: =CEB!AG171 -> 17.450811 | J97: =CEB!AG183 -> 21.72142 | K97: =CEB!AG195 -> 16.273449 | L97: 16.918743 | M97: 18.524514
A98: MÉDIA | B98: =AVERAGE(B86:B97) -> 14.023539 | C98: =AVERAGE(C86:C97) -> 11.688315 | D98: =AVERAGE(D86:D97) -> 11.540817 | E98: =AVERAGE(E86:E97) -> 13.03585 | F98: =AVERAGE(F86:F97) -> 13.212689 | G98: =AVERAGE(G86:G97) -> 12.097654 | H98: =AVERAGE(H86:H97) -> 17.111407 | I98: =AVERAGE(I86:I97) -> 16.329627 | ... M98: =AVERAGE(M86:M97) -> 16.409691
A102: MÊS | B102: Valor Bruto 2012 | C102: Valor Bruto 2013 | D102: Valor Bruto 2014 | E102: Valor Bruto 2015 | F102: Valor Bruto 2016 | G102: Valor Bruto 2017 | H102: Valor Bruto 2018 | I102: Valor Bruto 2019 | J102: Valor Bruto 2020 | K102: Valor Bruto 2021 | L102: Valor Bruto 2022 | M102: Valor Bruto 2023
A103: Janeiro | B103: =CEB!AO76 -> 20229.65 | C103: =CEB!AO88 -> 25923.21 | D103: =CEB!AO100 -> 20208.6 | E103: =CEB!AO112 -> 32381.55 | F103: =CEB!AO124 -> 45166.99 | G103: =CEB!AO136 -> 48971.11 | H103: =CEB!AO148 -> 47618.72 | I103: =CEB!AO160 -> 59222.16 | J103: =CEB!AO172 -> 51303.92 | K103: =CEB!AO184 -> 35043.13 | L103: =CEB!AO196 -> 42073.73 | M103: 37792.53
A104: Fevereiro | B104: =CEB!AO77 -> 20511.41 | C104: =CEB!AO89 -> 20371.79 | D104: =CEB!AO101 -> 22712.79 | E104: =CEB!AO113 -> 27030.1 | F104: =CEB!AO125 -> 48605.01 | G104: =CEB!AO137 -> 39505.81 | H104: =CEB!AO149 -> 44623.61 | I104: =CEB!AO161 -> 52135.45 | J104: =CEB!AO173 -> 47764.73 | K104: =CEB!AO185 -> 27872.95 | L104: =CEB!AO197 -> 39387.48 | M104: 41837.42
A105: Março | B105: =CEB!AO78 -> 21089.76 | C105: =CEB!AO90 -> 22517.41 | D105: =CEB!AO102 -> 23084.21 | E105: =CEB!AO114 -> 38307.77 | F105: =CEB!AO126 -> 51599.39 | G105: =CEB!AO138 -> 54159.79 | H105: =CEB!AO150 -> 49166.65 | I105: =CEB!AO162 -> 52691.9 | J105: =CEB!AO174 -> 42441.61 | K105: =CEB!AO186 -> 31823.81 | L105: =CEB!AO198 -> 57323.12 | M105: 47775.75
A106: Abril | B106: =CEB!AO79 -> 24824.38 | C106: =CEB!AO91 -> 26499.05 | D106: =CEB!AO103 -> 24084.15 | E106: =CEB!AO115 -> 34286.64 | F106: =CEB!AO127 -> 48864.44 | G106: =CEB!AO139 -> 50860.22 | H106: =CEB!AO151 -> 42381.84 | I106: =CEB!AO163 -> 50636.29 | J106: =CEB!AO175 -> 28037.76 | K106: =CEB!AO187 -> 30704.82 | L106: =CEB!AO199 -> 47534.46 | M106: 41114.48
A107: Maio | B107: =CEB!AO80 -> 22557.11 | C107: =CEB!AO92 -> 20979.82 | D107: =CEB!AO104 -> 21829.12 | E107: =CEB!AO116 -> 35976.36 | F107: =CEB!AO128 -> 42939.49 | G107: =CEB!AO140 -> 52808.74 | H107: =CEB!AO152 -> 43108.57 | I107: =CEB!AO164 -> 53939.5 | J107: =CEB!AO176 -> 27855.15 | K107: =CEB!AO188 -> 30074.06 | L107: =CEB!AO200 -> 39698.37 | M107: 38201.64
A108: Junho | B108: =CEB!AO81 -> 18839.2 | C108: =CEB!AO93 -> 20366.42 | D108: =CEB!AO105 -> 21857.74 | E108: =CEB!AO117 -> 33218.01 | F108: =CEB!AO129 -> 35875.86 | G108: =CEB!AO141 -> 38165.42 | H108: =CEB!AO153 -> 45794.88 | I108: =CEB!AO165 -> 44943 | J108: =CEB!AO177 -> 27037.24 | K108: =CEB!AO189 -> 30094.52 | L108: =CEB!AO201 -> 30713.05 | M108: 34621.35
A109: Julho | B109: =CEB!AO82 -> 19175.53 | C109: =CEB!AO94 -> 20123.14 | D109: =CEB!AO106 -> 18606.14 | E109: =CEB!AO118 -> 33426.07 | F109: =CEB!AO130 -> 35941.34 | G109: =CEB!AO142 -> 38188.48 | H109: =CEB!AO154 -> 46540.52 | I109: =CEB!AO166 -> 46178.92 | J109: =CEB!AO178 -> 26355.59 | K109: =CEB!AO190 -> 32296.22 | L109: =CEB!AO202 -> 30759.62 | M109: 34285.17
A110: Agosto | B110: =CEB!AO83 -> 18685.99 | C110: =CEB!AO95 -> 19542.35 | D110: =CEB!AO107 -> 19099.51 | E110: =CEB!AO119 -> 46377.11 | F110: =CEB!AO131 -> 42760.77 | G110: =CEB!AO143 -> 49803.16 | H110: =CEB!AO155 -> 53028.98 | I110: =CEB!AO167 -> 52294.39 | J110: =CEB!AO179 -> 29386.27 | K110: =CEB!AO191 -> 35231.24 | L110: =CEB!AO203 -> 29377.34 | M110: 49004.96
A111: Setembro | B111: =CEB!AO84 -> 19493.06 | C111: =CEB!AO96 -> 22763.69 | D111: =CEB!AO108 -> 25891.29 | E111: =CEB!AO120 -> 58968.89 | F111: =CEB!AO132 -> 45860.49 | G111: =CEB!AO144 -> 47811.1 | H111: =CEB!AO156 -> 62432.06 | I111: =CEB!AO168 -> 67856.32 | J111: =CEB!AO180 -> 31703.28 | K111: =CEB!AO192 -> 43223.25 | L111: 27583.34 | M111: 55005.55
A112: Outubro | B112: =CEB!AO85 -> 27359.59 | C112: =CEB!AO97 -> 26601.15 | D112: =CEB!AO109 -> 35528.2 | E112: =CEB!AO121 -> 59481.79 | F112: =CEB!AO133 -> 46995.32 | G112: =CEB!AO145 -> 57408.02 | H112: =CEB!AO157 -> 62807.5 | I112: =CEB!AO169 -> 62230.55 | J112: =CEB!AO181 -> 32275.19 | K112: =CEB!AO193 -> 43171.86 | L112: 31212.46 | M112: 69560.21
A113: Novembro | B113: =CEB!AO86 -> 27083.54 | C113: =CEB!AO98 -> 26234.93 | D113: =CEB!AO110 -> 33700.72 | E113: =CEB!AO122 -> 59695.89 | F113: =CEB!AO134 -> 42859.14 | G113: =CEB!AO146 -> 45982.01 | H113: =CEB!AO158 -> 45742.63 | I113: =CEB!AO170 -> 55090.54 | J113: =CEB!AO182 -> 33533.93 | K113: =CEB!AO194 -> 42418.02 | L113: 29281.15 | M113: 77449.77
A114: Dezembro | B114: =CEB!AO87 -> 21323.94 | C114: =CEB!AO99 -> 23503.16 | D114: =CEB!AO111 -> 26782.49 | E114: =CEB!AO123 -> 56140.97 | F114: =CEB!AO135 -> 42160.02 | G114: =CEB!AO147 -> 42654.31 | H114: =CEB!AO159 -> 47497.66 | I114: =CEB!AO171 -> 49311.98 | J114: =CEB!AO183 -> 33882.71 | K114: =CEB!AO195 -> 43210.5 | L114: 36970.83 | M114: 66091.02
A115: MÉDIA | B115: =AVERAGE(B103:B114) -> 21764.43 | C115: =AVERAGE(C103:C114) -> 22952.177 | D115: =AVERAGE(D103:D114) -> 24448.747 | E115: =AVERAGE(E103:E114) -> 42940.929 | F115: =AVERAGE(F103:F114) -> 44135.688 | G115: =AVERAGE(G103:G114) -> 47193.181 | H115: =AVERAGE(H103:H114) -> 49228.635 | I115: =AVERAGE(I103:I114) -> 53877.583 | ... M115: =AVERAGE(M103:M114) -> 49394.988
A119: MÊS | B119: Demanda kW Adotada 2012 | C119: Demanda kW Adotada 2013 | D119: Demanda kW Adotada 2014 | E119: Demanda kW Adotada 2015 | F119: Demanda kW Adotada 2016 | G119: Demanda kW Adotada 2017 | H119: Demanda kW Adotada 2018 | I119: Demanda kW Adotada 2019 | J119: Demanda kW Adotada 2020 | K119: Demanda kW Adotada 2021 | L119: Demanda kW Adotada 2022 | M119: Demanda kW Adotada 2023
A120: Janeiro | B120: =CEB!AF76 -> 260 | C120: =CEB!AF88 -> 299 | D120: =CEB!AF100 -> 251 | E120: =CEB!AF112 -> 288 | F120: =CEB!AF124 -> 273 | G120: =CEB!AF136 -> 289 | H120: =CEB!AF148 -> 281 | I120: =CEB!AF160 -> 286 | J120: =CEB!AF172 -> 302 | K120: =CEB!AF184 -> 251 | L120: =CEB!AF196 -> 251 | M120: 251
...
